 Dungeon Crawl Stone Soup version 0.31-a0-543-geaa9c7a2c0 (webtiles) character file.

Game seed: 9285066132094260932

13611573 Omnilove the Middleweight Champion (level 27, 226/226 HPs)
             Began as an Octopode Shapeshifter on Aug 14, 2023.
             Was an Initiate of Gozag.
             Escaped with the Orb
             ... and 15 runes on Aug 15, 2023!
             The game lasted 12:33:16 (117945 turns).

Omnilove the Middleweight Champion (OpSh)         Turns: 117945, Time: 12:33:16

Health: 226/226    AC: 12    Str: 27 (30) XL:     27
Magic:  64/69      EV: 39    Int: 20      God:    Gozag
Gold:   3794       SH:  2    Dex: 14      Spells: 21/75 levels left

rFire   + +          +
                       - Unarmed
rCold   + + +        (no shield)
rNeg    + + +        p - +1 hat of the Puckish God {Regen+ rCorr}
rPois   ∞            w - amulet of Vitality {RegenMP++ Regen++}
rElec   +            f - ring "Tocke" {rF++ EV+5 Dex+2}
rCorr   +            Q - ring of Shadows {Umbra +Inv Stlth+}
SInv    +            S - ring "Vikliont" {Fly rElec rC+++ Int+2 Dex-2}
Will    +++++        U - ring of the Tortoise {AC+8}
Stlth   +++++        n - ring of Fazoj {rF+ MP+9 EV+5}
HPRegen 2.97/turn    H - ring of Sobun {Drain Fly Will++ rCorr Str+6}
MPRegen 1.21/turn    R - ring "Ateshruu" {Fly rPois MP+9 Int+5}
                     F - ring of the Octopus King {Wiz HP+2 AC+2 EV+2 SH+2}

%: wizardry (x1)
@: death-form, gold aura, flying, wreathed by umbra, studying 8 skills, bribing
[the Dungeon]
A: vile attack, torment immunity, no potions, almost no armour, amphibious, 8
rings, camouflage 1, gelatinous body 1, (nimble swimmer 1), tentacles, tentacle
spike 1, see invisible
0: Orb of Zot
}: 15/15 runes: barnacled, slimy, silver, golden, iron, obsidian, icy, bone,
abyssal, demonic, glowing, magical, fiery, dark, gossamer
a: Siphon Essence, Begin Untransformation, Renounce Religion, Evoke
Invisibility, Potion Petition, Call Merchant, Bribe Branch


You escaped.
You worshipped Gozag.
Gozag was most pleased with you.
You were an undying horror.
You visited 18 branches of the dungeon, and saw 88 of its levels.
You visited Pandemonium 2 times, and saw 9 of its levels.
You visited the Abyss 1 time.
You visited 1 bazaar.
You completed 1 ziggurat, and saw 27 of its levels.
You also visited: Trove, Gauntlet and Ice Cave.

You collected 67391 gold pieces.
You spent 11480 gold pieces at shops.
You paid 52117 gold pieces to Gozag.

Inventory:

Armour
 p - the +1 hat of the Puckish God (worn) {Regen+ rCorr}
   (You found it on level 4 of the Spider Nest)

   Regen+:    It increases your rate of health regeneration.
   rCorr:     It protects you from acid and corrosion.
Jewellery
 f - the ring "Tocke" (left tentacle) {rF++ EV+5 Dex+2}
   (You found it in a treasure trove)

   [ring of evasion]

   EV+5:      It affects your evasion (+5).
   Dex+2:     It affects your dexterity (+2).
   rF++:      It greatly protects you from fire.
 n - the ring of Fazoj (on tentacle) {rF+ MP+9 EV+5}
   (You found it on level 7 of Tartarus)

   [ring of evasion]

   EV+5:      It affects your evasion (+5).
   rF+:       It protects you from fire.
   MP+9:      It affects your magic capacity (+9).
 w - the amulet of Vitality (around mantle) {RegenMP++ Regen++}
   (You bought it in a shop on level 9 of the Dungeon)

   [amulet of magic regeneration]

   RegenMP:   It increases your rate of magic regeneration.
   Regen++:   It increases your rate of health regeneration.
 F - a ring of the Octopus King (on tentacle) {Wiz HP+2 AC+2 EV+2 SH+2}
   (You found it on level 14 of a ziggurat)

   [ring of wizardry]

   Wiz:       It improves your spell success rate.
   AC+2:      It affects your AC (+2).
   EV+2:      It affects your evasion (+2).
   HP+2:      It affects your health (+2).
   SH+2:      It affects your SH (+2).
 H - the ring of Sobun (on tentacle) {Drain Fly Will++ rCorr Str+6}
   (You acquired it on level 3 of the Dungeon)

   [ring of strength]

   Str+6:     It affects your strength (+6).
   Will++:    It greatly increases your willpower.
   Fly:       It grants you flight.
   rCorr:     It protects you from acid and corrosion.
   Drain:     It drains your maximum health when unequipped.
 O - the dreamshard necklace {Acrobat *Dream}
   (You took it off a kobold demonologist on level 12 of the Dungeon)

   [amulet of the acrobat]

   *Dream:    It absorbs a single lethal wound into itself, holding its wearer
   just short of death and releasing dream-creatures to guard them.
   Acrobat:   It increases your evasion while moving and waiting.
 Q - the ring of Shadows (right tentacle) {Umbra +Inv Stlth+}
   (You found it on level 6 of a ziggurat)

   [ring of stealth]

   Umbra:     It surrounds you with an aura of shadow, increasing your stealth
   and reducing the accuracy of all others within it.
   +Inv:      It lets you turn invisible.
   Stlth+:    It makes you more stealthy.
 R - the ring "Ateshruu" (on tentacle) {Fly rPois MP+9 Int+5}
   (You bought it in a shop on level 9 of the Dungeon)

   [ring of magical power]

   Int+5:     It affects your intelligence (+5).
   rPois:     It protects you from poison MP+9: It affects your magic capacity
   (+9).
   Fly:       It grants you flight.
 S - the ring "Vikliont" (on tentacle) {Fly rElec rC+++ Int+2 Dex-2}
   (You found it on level 19 of a ziggurat)

   [ring of flight]

   Int+2:     It affects your intelligence (+2).
   Dex-2:     It affects your dexterity (-2).
   rC+++:     It renders you almost immune to cold.
   rElec:     It insulates you from electricity.
   Fly:       It grants you flight.
 U - the ring of the Tortoise (on tentacle) {AC+8}
   (You found it on level 18 of a ziggurat)

   [ring of protection]

   AC+8:      It affects your AC (+8).
Talismans
 h - a storm talisman
 o - a talisman of death (active)
Wands
 g - a wand of digging (51)
Scrolls
 b - 37 scrolls of teleportation
 c - 8 scrolls of torment
 m - 8 scrolls of poison
 q - 10 scrolls of vulnerability
 r - a scroll of brand weapon
 t - 14 scrolls of fear
 v - 12 scrolls of silence
 x - 12 scrolls of immolation
 y - 8 scrolls of revelation
 J - 4 scrolls of butterflies
 N - 12 scrolls of fog
 P - 9 scrolls of blinking
 V - 16 scrolls of amnesia
Potions
 d - 3 potions of ambrosia
 i - 2 potions of heal wounds
 j - a potion of resistance
 k - 9 potions of magic
 l - 13 potions of attraction
 u - 6 potions of might
 z - 4 potions of haste
 B - 12 potions of brilliance
 D - 14 potions of enlightenment
 I - 7 potions of cancellation
 M - 17 potions of curing
 T - 2 potions of lignification
 X - 2 potions of invisibility
 Z - 19 potions of mutation
Miscellaneous
 a - the horn of Geryon
 s - a phantom mirror
 A - a tin of tremorstones (2/2)
 E - a lightning rod (4/4)
 Y - a phial of floods


   Skills:
 O Level 27 Fighting
 O Level 27 Dodging
 - Level 18.0 Stealth
 O Level 27 Unarmed Combat
 + Level 24.8 Spellcasting
 O Level 27 Translocations
 - Level 10.0 Transmutations
 + Level 23.6 Fire Magic
 - Level 15.0 Ice Magic
 - Level 12.0 Poison Magic
 + Level 26.1 Evocations
 O Level 27 Shapeshifting


You had 21 spell levels left.
You knew the following spells:

 Your Spells              Type           Power      Damage    Failure   Level
a - Blink                 Tloc           100%       N/A       0%          2
b - Lesser Beckoning      Tloc           100%       N/A       0%          2
c - Manifold Assault      Tloc           93%        N/A       0%          4
d - Gell's Gravitas       Tloc           93%        N/A       0%          3
e - Teleport Other        Tloc           93%        N/A       0%          3
f - Dispersal             Tloc           46%        N/A       0%          6
g - Passage of Golubria   Tloc           93%        N/A       0%          4
h - Ozocubu's Armour      Ice            71%        N/A       0%          3
i - Disjunction           Tloc           46%        N/A       1%          8
j - Wereblood             Tmut           59%        N/A       1%          2
k - Olgreb's Toxic Radia  Pois           64%        N/A       1%          4
l - Ignite Poison         Fire/Tmut/Pois 72%        N/A       0%          3
m - Poisonous Vapours     Pois/Air       96%        N/A       1%          2
n - Ignition              Fire           44%        3d13      1%          8

Your spell library contained the following spells:

 Spells                   Type           Power      Damage    Failure   Level
 Apportation              Tloc           100%       N/A       0%          1
 Foxfire                  Conj/Fire      100%       2x1d9     0%          1
 Freeze                   Ice            100%       1d10      0%          1
 Sting                    Tmut/Pois      100%       1d8       0%          1
 Momentum Strike          Conj/Tloc      100%       3d10      0%          2
 Scorch                   Fire           100%       2d9       0%          2
 Frozen Ramparts          Ice            100%       1d16      0%          3
 Portal Projectile        Hex/Tloc       100%       N/A       0%          3
 Vhi's Electric Charge    Tloc/Air       100%       N/A       0%          3
 Volatile Blastmotes      Fire/Tloc      100%       2d18      0%          3
 Kiss of Death            Conj/Necr      96%        2d12      1%          1
 Magic Dart               Conj           96%        1d7       1%          1
 Necrotise                Necr           96%        1d8       1%          1
 Sandblast                Erth           48%        2d12      1%          1
 Shock                    Conj/Air       96%        1d9       1%          1
 Slow                     Hex            96%        N/A       1%          1
 Summon Small Mammal      Summ           96%        N/A       1%          1
 Cigotuvi's Dreadful Rot  Necr/Pois/Air  80%        N/A       1%          2
 Ensorcelled Hibernation  Hex/Ice        100%       N/A       1%          2
 Passwall                 Tmut/Erth      36%        N/A       1%          2
 Searing Ray              Conj           48%        2d6       1%          2
 Static Discharge         Conj/Air       48%        2-4/arc   1%          2
 Sublimation of Blood     Necr           24%        N/A       1%          2
 Call Canine Familiar     Summ           24%        N/A       1%          3
 Confusing Touch          Hex            24%        N/A       1%          3
 Dazzling Flash           Conj/Hex       48%        N/A       1%          3
 Hailstorm                Conj/Ice       53%        3d12      1%          3
 Inner Flame              Hex/Fire       64%        N/A       1%          3
 Mephitic Cloud           Conj/Pois/Air  40%        N/A       1%          3
 Stone Arrow              Conj/Erth      48%        3d10      1%          3
 Summon Guardian Golem    Hex/Summ       24%        N/A       1%          3
 Swiftness                Air            24%        N/A       1%          3
 Tukima's Dance           Hex            24%        N/A       1%          3
 Vampiric Draining        Necr           24%        2d7       1%          3
 Flame Wave               Conj/Fire      64%        2d15      1%          4
 Iskenderun's Mystic Bla  Conj/Tloc      68%        2d14      1%          4
 Petrify                  Tmut/Erth      44%        N/A       1%          4
 Sticky Flame             Conj/Fire      64%        2d8       1%          4
 Summon Ice Beast         Ice/Summ       53%        N/A       1%          4
 Alistair's Intoxication  Tmut/Pois      41%        N/A       1%          5
 Fireball                 Conj/Fire      32%        3d14      1%          5
 Metabolic Englaciation   Hex/Ice        26%        N/A       1%          5
 Summon Forest            Summ/Tloc      34%        N/A       1%          5
 Eringya's Noxious Bog    Tmut/Pois      31%        4d6       1%          6
 Plasma Beam              Fire/Air       32%        2x1d45    1%          6
 Starburst                Conj/Fire      32%        6d10      1%          6
 Malign Gateway           Summ/Tloc      34%        N/A       1%          7
 Ozocubu's Refrigeration  Ice            35%        4d15      1%          7
 Freezing Cloud           Conj/Ice/Air   22%        6-21      2%          5
 Irradiate                Conj/Tmut      22%        3d19      2%          5
 Yara's Violent Unravell  Hex/Tmut       22%        3d10      2%          5
 Airstrike                Air            12%        2d(2-18)  6%          4
 Anguish                  Hex/Necr       12%        N/A       6%          4
 Cause Fear               Hex            12%        N/A       6%          4
 Dispel Undead            Necr           24%        3d12      6%          4
 Fulminant Prism          Conj/Hex       12%        3d8       6%          4
 Leda's Liquefaction      Hex/Erth       12%        N/A       6%          4
 Summon Lightning Spire   Summ/Air       24%        N/A       6%          4
 Agony                    Necr           24%        N/A       16%         5
 Arcjolt                  Conj/Air       12%        1d22      16%         5
 Borgnjor's Vile Clutch   Necr/Erth      12%        N/A       16%         5
 Iskenderun's Battlesphe  Conj           24%        2d8       16%         5
 Lee's Rapid Deconstruct  Erth           12%        3d8*      16%         5
 Silence                  Hex/Air        12%        N/A       16%         5
 Summon Mana Viper        Hex/Summ       24%        N/A       16%         5
 Conjure Ball Lightning   Conj/Air       12%        3x3d6     65%         6
 Death Channel            Necr           12%        N/A       65%         6
 Leda's Unmaking          Conj/Erth      12%        9d3       65%         6
 Summon Cactus Giant      Summ           12%        N/A       65%         6
 Polar Vortex             Ice            35%        12d4*     75%         9
 Enfeeble                 Hex            12%        N/A       99%         7
 Haunt                    Necr/Summ      12%        N/A       99%         7
 Monstrous Menagerie      Summ           12%        N/A       99%         7
 Orb of Destruction       Conj           12%        9d7       99%         7
 Spellforged Servitor     Conj/Summ      12%        N/A       99%         7
 Summon Hydra             Summ           12%        N/A       99%         7
 Fire Storm               Conj/Fire      32%        8d8       99%         9
 Borgnjor's Revivificati  Necr           12%        N/A       100%        8
 Discord                  Hex            12%        N/A       100%        8
 Infestation              Necr           12%        N/A       100%        8
 Lehudib's Crystal Spear  Conj/Erth      12%        10d4      100%        8
 Maxwell's Capacitive Co  Air            12%        ∞         100%        8
 Summon Horrible Things   Summ           12%        N/A       100%        8
 Chain Lightning          Conj/Air       12%        3d16      100%        9
 Death's Door             Necr           12%        N/A       100%        9
 Shatter                  Erth           12%        3d13*     100%        9
 Simulacrum               Ice/Necr       Unusable   N/A       N/A         6
 Animate Armour           Summ/Erth      Unusable   N/A       N/A         4
 Animate Dead             Necr           Unusable   N/A       N/A         4

Dungeon Overview and Level Annotations

Branches:
Dungeon (15/15)            Temple (1/1) D:5            Lair (5/5) D:9
 Shoals (4/4) Lair:2       Spider (4/4) Lair:2        Slime (5/5) Lair:5
    Orc (2/2) D:10            Elf (3/3) Orc:2        Vaults (5/5) D:13
  Crypt (3/3) Vaults:3       Tomb (3/3) Crypt:3      Depths (4/4) D:15
   Hell (visited)             Dis (7/7) Hell            Geh (7/7) Hell
    Coc (7/7) Hell            Tar (7/7) Hell            Zot (5/5) Depths:4
  IceCv (visited)         Gauntlet (visited)

Altars:
Ashenzari
Cheibriados
Dithmenos
Elyvilon
Fedhas
Gozag
Hepliaklqana
Kikubaaqudgha
Makhleb
Nemelex Xobeh
Okawaru
Qazlal
Ru
Sif Muna
Trog
Uskayaw
Vehumet
Wu Jian
Xom
Yredelemnul
Zin
The Shining One
Jiyva

Shops:
D:3 ?   D:7 (   D:8 !   D:9 ==*==(:=?=***((=!***   D:11 [[[((   D:13 :   D:14 *
Orc:1 [   Orc:2 *(((*   Elf:3 *   Shoals:3 *   Vaults:2 [[*[   Vaults:3 *(
Vaults:4 ?   Depths:1 **   Depths:4 (

Portals:
Hell: Depths:1 Depths:2 Depths:3 Depths:4
Abyss: Depths:1 Depths:3
Pandemonium: Depths:1 Depths:2


Innate Abilities, Weirdness & Mutations

You are an undying horror.
Your melee and unarmed attacks drain, slow and weaken victims.
You are immune to unholy pain and torment.
You cannot drink.
You are immune to poison.
You cannot wear most types of armour.
You are amphibious.
You can wear up to eight rings at the same time.
Your skin changes colour to match your surroundings (Stealth+).
Your rubbery body absorbs attacks. (AC +1, EV +1)
((You are camouflaged when in or above water. (Stealth+)))
You have tentacles for arms and can constrict up to eight enemies at once.
One of your tentacles bears a spike.
You have supernaturally acute eyesight. (SInv)


Message History

You can't see anything to attack.
You can't see any susceptible monsters within range! (Use Z to cast anyway.)
There is a stone staircase leading up here.
You fly upwards.
There is a stone staircase leading down here.
You swap places.
There is a stone staircase leading up here.
You fly upwards.
There is a stone staircase leading down here.
Your lorocyproca grins greedily, jangling a coin purse.
A lorocyproca comes into view.
You can't go up here!
You swap places.
You see here a +0 sling.
You reach down and open the door.
There is an open door here.
There is a stone staircase leading up here.
You fly upwards.
There is a stone staircase leading down here.
There is an escape hatch in the floor here.
A cacodemon and a sixfirhy come into view.
Space momentarily warps into an impossible shape!
You miss the sixfirhy. You thrash the cacodemon!!!
The cacodemon decays.
Space momentarily warps into an impossible shape!
You completely miss the sixfirhy.
Space momentarily warps into an impossible shape!
You tentacle-slap the cacodemon.
The cacodemon decays.
You barely miss the sixfirhy. The sixfirhy closely misses you.
Space momentarily warps into an impossible shape!
You thrash the cacodemon!!!
The cacodemon decays.
You thrash the sixfirhy!!!
You kill the sixfirhy!
Space momentarily warps into an impossible shape!
You batter the cacodemon!!
You kill the cacodemon!
You can't see any susceptible monsters within range! (Use Z to cast anyway.)
You now have 3778 gold pieces (gained 9).
There is an open door here.
You now have 3794 gold pieces (gained 16).
There is a staircase leading out of the dungeon here.
You have escaped!

### #.# #'#..........## ..# #.#
#######2...#..# #.#
#.####################.###.# #.#
#.##.##...........# #.#.#.##
#.###.#..##...........####.......
.........##..8.....8..##.......##
#.###.#..##...........###2#....#
#.# #.##.##......2....###.##.#.#
#.# #.##..+.....zX....'...####.#
..# #....##...........##### #.##
### ####.##...........# #..#
#.##..8.....8..# ##.#
#.##...........# #.#
#.##...........# #.#
#.############## ######.# #.###
###### #......#
#.#.#####....######.######


You could see a friendly Orb Guardian and a friendly lorocyproca (invisible).

Vanquished Creatures
  Cerebov (Pan)
  Antaeus (Coc:7)
  Asmodeus (Geh:7)
  Gloorx Vloq (Pan)
  the Royal Jelly (Slime:5)
  the Serpent of Hell (Coc:7)
  Ereshkigal (Tar:7)
  Mnoleg (Pan)
  Lom Lobon (Pan)
  Dispater (Dis:7)
  Khufu (Crypt:3)
  11 ancient liches
  13 dread liches
  7 orbs of fire
  16 juggernauts
  20 royal mummies
  The ghost of Kapop the Gargoyle Porcupine, a legendary GrMo of Okawaru (Zot:4)
  Josephina (Depths:3)
  Sojobo (Depths:3)
  Parghit (Zot:1)
  7 Killer Klowns
  28 shard shrikes
  Margery (Vaults:3)
  7 pandemonium lords
  Xtahua (Depths:3)
  30 caustic shrikes
  28 profane servitors
  Geryon (Hell)
  Jory (Crypt:2)
  8 golden dragons
  22 bone dragons
  25 Brimstone Fiends
  21 Tzitzimimeh
  17 doom hounds
  19 iron giants
  5 electric golems
  23 tentacled monstrosities
  34 Hell Sentinels
  7 liches
  19 Ice Fiends
  25 Orb Guardians (Zot:5)
  Zenata (Vaults:3)
  Jorgrun (D:10)
  24 tainted leviathans
  23 hellephants
  28 searing wretches
  7 deep elf blademasters
  6 quicksilver dragons
  24 titans
  The ghost of vilexx the Warrior, an adept DjHW of Ashenzari (Shoals:3)
  13 deep elf master archers
  48 ancient champions
  27 acid blobs
  Polyphemus (Shoals:2)
  Asterion (Vaults:1)
  A walking frostbound tome (Depths:4)
  14 sphinxes
  An eldritch tentacle (Tomb:2)
  Murray (Hell)
  29 Executioners
  4 tentacled starspawn
  13 death cobs
  Gastronok (Orc:1)
  16 tengu reavers
  20 storm dragons
  Kirke (D:15)
  11 revenants
  10 shadow dragons
  A shadow dragon (shapeshifter) (D:12)
  Ilsuiw (Shoals:4)
  An azure jelly (shapeshifter) (Vaults:1)
  Roxanne (Shoals:4)
  Donald (Crypt:2)
  10 demonspawn warmongers
  21 azure jellies
  A draconian knight (Zot:2)
  7 nagarajas
  6 draconian monks
  20 emperor scorpions
  Louise (Elf:2)
  13 iron dragons
  30 fire giants
  26 quicksilver elementals
  14 rockslimes
  29 ghost moths
  26 narguns
  11 draconian scorchers
  4 deep elf elementalists (Elf:3)
  A spectral juggernaut (Tar:5)
  11 deep elf sorcerers
  20 frost giants
  51 balrugs
  14 shard shrike simulacra
  2 spectral caustic shrikes
  8 draconian annihilators
  9 curse skulls
  8 draconian shifters
  5 draconian stormcallers
  21 ironbound preservers
  29 war gargoyles
  21 vault wardens
  An angel (Depths:2)
  A broodmother (Zig:25)
  8 orc warlords
  6 ghouls
  10 demonspawn corrupters
  18 cacodemons
  22 reapers
  11 demonspawn blood saints
  15 quicksilver oozes
  3 ironbound thunderhulks (Vaults:3)
  9 very ugly things
  2 juggernaut skeletons (Pan)
  10 vampire knights
  24 stone giants
  2 eleionomae
  Nessos (D:15)
  38 putrid mouths
  9 formless jellyfish
  8 green draconians
  26 elemental wellsprings
  11 yellow draconians
  5 bennus
  17 deep elf demonologists
  13 red draconians
  18 lorocyprocas
  3 bunyips
  27 deep elf annihilators
  24 wendigos
  11 black draconians
  9 white draconians
  11 spark wasps
  4 demonspawn black suns
  The ghost of Hatoon the Mimic, a journeyman OpSh of Gozag (D:13)
  21 dire elephants
  4 halazid warlocks (Tar:4)
  13 purple draconians
  9 eidola
  A minotaur (Gauntlet)
  20 blizzard demons
  7 crystal guardians
  9 deep elf death magi
  A spectral quicksilver dragon (Tar:2)
  8 fire dragons
  Snorg (Orc:1)
  12 green deaths
  23 mummy priests
  12 iron golems
  8 merfolk impalers
  A spectral golden dragon (Tar:1)
  14 ettins
  24 jiangshi
  12 merfolk javelineers
  39 entropy weavers
  A spectral kraken (Tar:7)
  23 yaktaur captains
  16 great orbs of eyes
  A spectral iron giant (Tar:1)
  11 deep elf high priests
  A spriggan zombie (Crypt:1)
  23 salamander tyrants
  29 vault guards
  2 rakshasas
  6 spectral spriggans
  10 ice dragons
  6 death knights
  14 hydras
  A quicksilver dragon skeleton (Crypt:1)
  A radroach (shapeshifter) (Vaults:5)
  7 caustic shrike simulacra
  A peacekeeper (Vaults:3)
  10 radroaches
  2 anacondas (Zig:9)
  10 hell beasts
  2 spriggan skeletons
  2 catoblepae
  6 juggernaut simulacra
  4 alligator snapping turtles (Zig:22)
  5 jorogumos
  A ghost crab (Gauntlet)
  3 ironbound frosthearts
  15 boulder beetles
  20 centaur warriors
  5 ogre magi
  5 spriggan air magi (Zig:14)
  16 stokers
  An alligator (Zig:10)
  A fenstrider witch skeleton (Pan)
  4 merfolk avatars
  11 merfolk aquamancers
  A two-headed ogre (shapeshifter) (Zig:24)
  A spectral stone giant (Tar:2)
  67 dancing weapons
  11 two-headed ogres
  2 satyrs
  The ghost of soepkip the Cleaver, a novice MiFi of Okawaru (D:9)
  12 deep troll shamans
  A naga warrior (Zig:9)
  A naga sharpshooter (Zig:4)
  40 demonic crawlers
  4 death yaks (Shoals:2)
  44 hell hogs
  12 deep troll earth magi
  4 spriggan berserkers
  10 orc high priests
  83 death scarabs
  3 spectral nagas
  The ghost of Ethylacetat the Mimic, a novice OpSh of Gozag (D:8)
  18 vampire magi
  5 thrashing horrors
  12 tengu warriors
  7 shock serpents
  78 sun demons
  13 hell knights
  11 crystal echidnas
  24 soul eaters
  29 deep elf knights
  Amaemon (Lair:2)
  Nergalle (Orc:1)
  Sonja (Lair:3)
  7 iron trolls
  17 pharaoh ants
  3 spectral bunyips
  A titan skeleton (Pan)
  12 sixfirhies
  5 wretched stars
  6 swamp dragons
  29 skeletal warriors
  A fire crab (Lair:3)
  A salamander mystic (Depths:4)
  10 sea snakes
  9 shadow demons (Pan)
  6 skysharks
  25 shadow wraiths
  2 spectral anacondas
  5 sun moths
  11 flayed ghosts
  5 quicksilver dragon simulacra
  A spatial maelstrom (Abyss:3)
  2 glowing orange brains
  49 deep trolls
  27 orb spiders
  2 glowing orange brains (shapeshifter)
  A spectral hydra (Tar:6)
  16 phantasmal warriors
  A swamp dragon (shapeshifter) (D:15)
  A spectral iron dragon (Tar:3)
  45 deep elf pyromancers
  8 obsidian statues
  2 orange crystal statues (Zig:21)
  Pikel (D:9)
  3 bog bodies
  19 deep elf archers
  25 ironbound convokers
  14 wizards
  A fenstrider witch simulacrum (Coc:1)
  21 steelbarb worms
  8 necromancers
  11 harpies
  15 lindwurms
  A mana viper (shapeshifter) (Vaults:5)
  4 spriggan simulacra
  14 orc knights
  47 deep elf zephyrmancers
  A spectral wolf spider (D:13)
  2 tengu skeletons
  A spectral ettin (Tar:4)
  2 fauns (shapeshifter)
  9 salamanders
  8 shining eyes
  4 orc sorcerers (Zig:18)
  37 ugly things
  6 fauns
  A shadow dragon skeleton (Pan)
  15 cyclopes
  5 spectral centaurs
  3 oklob plants (Zot:4)
  32 wolf spiders
  17 manticores
  4 stone giant skeletons
  A spectral alligator snapping turtle (Tar:1)
  3 worldbinders
  45 moths of wrath
  12 elephants
  4 centaur zombies
  2 draconian skeletons
  8 rust devils
  A black mamba (shapeshifter) (D:15)
  4 apocalypse crabs
  A frost giant skeleton (Crypt:1)
  12 black mambas
  6 eyes of devastation
  10 merfolk sirens
  6 guardian serpents
  16 vault sentinels
  5 naga magi
  16 torpor snails
  19 ice statues
  7 water nymphs
  A centaur skeleton (Pan)
  32 smoke demons
  15 molten gargoyles
  20 orange demons
  4 titan simulacra
  11 cane toads
  4 dire elephant skeletons
  4 gargoyles
  2 unseen horrors
  An alligator snapping turtle skeleton (Pan)
  10 spectral swamp worms (Tar:7)
  5 kobold demonologists
  4 efreet (Pan)
  A rime drake (shapeshifter) (D:15)
  52 hellions
  24 yaktaurs
  Psyche (D:12)
  4 bunyip simulacra
  3 rime drakes
  A green draconian zombie (Crypt:1)
  9 freezing wraiths
  7 tengu conjurers
  10 ice devils
  An iron giant simulacrum (Coc:3)
  5 red devils
  11 komodo dragons
  7 anaconda simulacra
  19 tormentors
  7 ancient zymes
  A harpy zombie (Tomb:3)
  39 guardian mummies
  4 spectral harpies
  8 trolls
  5 polar bears
  A queen bee (shapeshifter) (Zig:26)
  2 silent spectres
  A catoblepas skeleton (Pan)
  A bloated husk (Zig:10)
  11 raiju
  2 tyrant leeches
  25 tarantellas
  28 merfolk
  28 hellwings
  8 meliai
  A shadow dragon simulacrum (Depths:3)
  5 hornets
  A wolf spider simulacrum (D:15)
  Grinder (D:4)
  3 wind drakes
  2 wind drakes (shapeshifter)
  9 blink frogs
  4 harpy skeletons (Pan)
  A frost giant simulacrum (Depths:3)
  8 snapping turtles
  9 dream sheep
  72 flying skulls
  A raiju (shapeshifter) (Zig:24)
  7 iron dragon simulacra
  A jumping spider (shapeshifter) (D:15)
  29 jumping spiders
  A stone giant simulacrum (Coc:5)
  16 air elementals
  119 slime creatures
  5 ettin skeletons
  3 spriggans
  Sigmund (D:3)
  31 culicivoras
  18 ushabtiu
  2 centaur simulacra
  2 vampires
  7 dire elephant simulacra
  17 water elementals
  7 shadows
  13 wraiths
  4 naga simulacra
  30 ynoxinuls
  12 basilisks
  19 starcursed masses
  Eustachio (D:4)
  15 golden eyes
  12 wyverns
  40 yaks
  3 fire elementals
  3 hogs (D:15)
  A black mamba skeleton (Crypt:1)
  A human (shapeshifter) (Zig:26)
  29 neqoxecs
  A steam dragon (Lair:5)
  A wind drake skeleton (Crypt:1)
  11 vampire mosquitoes
  14 chaos spawn (Pan)
  A death yak simulacrum (IceCv)
  84 redbacks
  2 spatial vortices (Abyss:3)
  A swamp worm (shapeshifter) (D:12)
  A naga (shapeshifter) (Zig:26)
  18 harpy simulacra
  A warg (shapeshifter) (Zig:11)
  7 small abominations
  5 wargs
  4 nagas
  13 hell hounds
  Duvessa (D:4)
  4 acid dragons
  4 hydra simulacra
  A naga skeleton (Pan)
  A swamp drake (Zig:10)
  15 water moccasins
  5 floating eyes
  A faun skeleton (Crypt:2)
  2 ettin simulacra
  11 ice beasts
  A manticore zombie (Crypt:1)
  3 sky beasts
  38 large abominations
  A hornet zombie (Crypt:2)
  6 black bears
  52 orc warriors
  13 wolves
  A blink frog zombie (Crypt:1)
  15 ogres
  12 boggarts
  17 centaurs
  2 lemures (D:9)
  A hog skeleton (Crypt:1)
  A phantom (D:7)
  A swamp dragon skeleton (Crypt:1)
  10 bullfrogs
  6 kobold brigands
  Blork the orc (D:4)
  5 necrophages
  9 earth elementals
  4 gnoll sergeants
  4 scorpions
  9 wights
  Dowan (D:4)
  2 elephant simulacra (IceCv)
  4 killer bees (D:9)
  An electric eel (Spider:1)
  2 howler monkeys
  A yak skeleton (Crypt:2)
  5 lava snakes (Lair:5)
  A crimson imp (Abyss:3)
  A human simulacrum (Vaults:3)
  2 gnoll boudas
  4 hounds
  17 jellies
  36 orc priests
  2 iron imps
  2 iguanas
  A sleepcap (D:6)
  24 orc wizards
  4 lightning spires (Zot:4)
  A polar bear simulacrum (IceCv)
  A wolf simulacrum (IceCv)
  A boggart skeleton (Crypt:2)
  A hound skeleton (Crypt:2)
  52 mummies
  9 gnolls
  15 adders
  3 shadow imps
  11 white imps
  2 dart slugs (D:1)
  83 orcs
  2 ball pythons
  6 bats
  A bat skeleton (Crypt:2)
  17 endoplasms
  A giant cockroach (D:4)
  10 goblins
  6 hobgoblins
  5 jackals
  A quokka (D:2)
  A ball python zombie (Crypt:1)
  5 frilled lizards
  A goblin skeleton (Crypt:2)
  43 kobolds
  4 rats (D:2)
  A ball lightning (Pan)
  7 creeping infernos
  48 fire vortices
  A spectral weapon (Vaults:1)
5247 creatures vanquished.

Vanquished Creatures (collateral kills)
  An ancient lich (Tomb:3)
  6 royal mummies
  An Executioner (Zig:23)
  A bennu (Tomb:3)
  A green death (Zig:23)
  A merfolk javelineer (Shoals:4)
  3 mummy priests
  10 death scarabs (Tomb:3)
  A centaur zombie (Tomb:3)
  A guardian mummy (Tomb:3)
  A wind drake (Shoals:4)
  2 ushabtiu
  A large abomination (D:13)
  4 mummies
34 creatures vanquished.

Vanquished Creatures (others)
  4 royal mummies
  A searing wretch (Geh:6)
  An eldritch tentacle (Pan)
  A tengu reaver (Vaults:1)
  A balrug (Geh:3)
  An elemental wellspring (Coc:4)
  A wendigo (Coc:6)
  2 bennus (Tomb:3)
  5 mummy priests (Tomb:3)
  A blizzard demon (Pan)
  A caustic shrike simulacrum (Coc:6)
  An ogre mage (D:12)
  A juggernaut simulacrum (Coc:6)
  A stoker (Geh:6)
  5 death scarabs (Tomb:3)
  A deep elf knight (Elf:3)
  A spriggan simulacrum (Coc:6)
  A wizard (Vaults:1)
  A steelbarb worm (Zig:21)
  A shining eye (Pan)
  A slime creature (Zig:15)
  A titan simulacrum (Coc:6)
  3 hellions (Geh:3)
  A tengu conjurer (D:15)
  A tormentor (Geh:5)
  11 guardian mummies
  A golden dragon simulacrum (Depths:3)
  A snapping turtle (Shoals:4)
  A shadow (Zig:17)
  A culicivora (Spider:4)
  A spriggan (Zig:10)
  A centaur simulacrum (Coc:2)
  3 ushabtiu (Tomb:3)
  A harpy simulacrum (Coc:5)
  A floating eye (Pan)
  3 mummies (Tomb:3)
  11 ball lightnings (Pan)
  4 tentacles (Tar:7)
79 creatures vanquished.

Grand Total: 5360 creatures vanquished

Notes
Turn   | Place    | Note
-------+----------+-------------------------------------------
     0 | D:1      | Omnilove the Octopode Shapeshifter began the quest for the
                  | Orb.
     0 | D:1      | Reached XP level 1. HP: 13/13 MP: 1/1
   188 | D:1      | Reached XP level 2. HP: 15/18 MP: 2/2
   386 | D:1      | Reached skill level 1 in Stealth
   778 | D:1      | Reached XP level 3. HP: 22/23 MP: 3/3
  1356 | D:2      | Reached XP level 4. HP: 27/28 MP: 4/4
  2042 | D:3      | Found Wuemi's Magic Scroll Emporium.
  2160 | D:3      | Noticed Sigmund
  2195 | D:3      | Reached XP level 5. HP: 34/34 MP: 5/5
  2413 | D:3      | Found a sacrificial altar of Ru.
  2414 | D:3      | Found a faded altar of an unknown god.
  2851 | D:4      | Noticed Blork the orc
  2857 | D:4      | Killed Blork the orc
  2979 | D:4      | Noticed Grinder
  2981 | D:4      | Paralysed by Grinder for 4 turns
  3009 | D:4      | Killed Grinder
  3010 | D:4      | Reached skill level 5 in Unarmed Combat
  3010 | D:4      | Reached XP level 6. HP: 10/41 MP: 6/6
  3186 | D:4      | Noticed a black bear
  3400 | D:4      | Noticed Eustachio
  3405 | D:4      | Killed Eustachio
  3406 | D:4      | Reached XP level 7. HP: 46/46 MP: 7/7
  3425 | D:4      | Noticed Dowan
  3466 | D:4      | Noticed Duvessa
  3470 | D:4      | Killed Duvessa
  3475 | D:4      | Killed Dowan
  3490 | D:4      | Found a white marble altar of Elyvilon.
  4084 | D:3      | Killed Sigmund
  4085 | D:3      | Reached XP level 8. HP: 54/54 MP: 8/8
  4194 | D:5      | Entered Level 5 of the Dungeon
  4565 | D:5      | Found a staircase to the Ecumenical Temple.
  4573 | Temple   | Entered the Ecumenical Temple
  4588 | Temple   | Became a worshipper of Gozag Ym Sagoz the Greedy
  4613 | D:5      | Reached skill level 1 in Evocations
  4713 | D:5      | Reached skill level 5 in Dodging
  5071 | D:6      | Reached XP level 9. HP: 59/59 MP: 9/9
  5079 | D:6      | Reached skill level 5 in Shapeshifting
  5891 | D:7      | Reached skill level 5 in Fighting
  6561 | D:7      | Found Daladwom's Weapon Boutique.
  6884 | D:7      | Reached XP level 10. HP: 67/68 MP: 10/10
  6899 | D:7      | Found a snail-covered altar of Cheibriados.
  7205 | D:8      | Noticed a two-headed ogre
  7330 | D:8      | Killed a two-headed ogre
  7432 | D:8      | Found Amynuus's Distillery.
  7435 | D:8      | Bought a potion of degeneration for 14 gold pieces
  7435 | D:8      | Bought a potion of heal wounds for 70 gold pieces
  7435 | D:8      | Bought a potion of curing for 42 gold pieces
  7528 | D:3      | Bought a scroll of fog for 52 gold pieces
  7528 | D:3      | Bought a scroll of fog for 52 gold pieces
  7528 | D:3      | Bought a scroll of noise for 13 gold pieces
  7635 | D:8      | Found a transporter.
  7715 | D:8      | Identified the +4 kite shield "Vitof" {+Inv rF+ Str-2
                  | Slay+3}
  7735 | D:8      | Reached skill level 5 in Evocations
  7741 | D:8      | Reached skill level 10 in Unarmed Combat
  7770 | D:8      | Noticed a two-headed ogre
  7772 | D:8      | Noticed Ethylacetat's ghost (novice OpSh)
  7777 | D:8      | Found a transporter.
  7788 | D:8      | Noticed a five-headed hydra
  8207 | D:9      | Reached XP level 11. HP: 75/75 MP: 11/11
  8249 | D:9      | Identified the +9 war axe "Liduyxt" {freeze, rC+ rN+ Dex-2}
  8250 | D:9      | Noticed Pikel
  8276 | D:9      | Found a staircase to the Lair.
  8302 | D:9      | Killed Pikel
  8329 | D:9      | Found a burning altar of Makhleb.
  8331 | D:9      | Noticed a green death
  8560 | D:9      | Found a runed translucent gate.
  8563 | D:9      | Found a runed translucent gate.
  8563 | D:9      | Found a runed translucent gate.
  8567 | D:9      | Noticed soepkip's ghost (novice MiFi)
  8910 | D:10     | Entered Level 10 of the Dungeon
  8992 | D:10     | Found a staircase to the Orcish Mines.
  9703 | D:11     | Found Oghipp's Armour Boutique.
  9765 | D:11     | Identified the +7 whip of Syew Tyu {pain, +Blink rF+ rC-}
  9829 | D:11     | Noticed a boulder beetle
  9874 | D:11     | Found Girun's Antique Weapon Shoppe.
  9920 | D:11     | Found Pouril's Weapon Shop.
  9946 | D:11     | Found Luiptusee's Antique Armour Shop.
 10004 | D:11     | Noticed a soul eater
 10039 | D:11     | Noticed a boulder beetle
 10076 | D:11     | Found Egaxt's Armour Shoppe.
 10097 | D:11     | Reached XP level 12. HP: 82/82 MP: 12/12
 10197 | D:11     | Found a snail-covered altar of Cheibriados.
 10615 | D:12     | Noticed Psyche
 10615 | D:12     | Noticed a centaur warrior
 10721 | Lair:1   | Entered Level 1 of the Lair of Beasts
 11478 | Lair:2   | Noticed a skyshark
 11527 | Lair:2   | Identified a scroll of acquirement
 11535 | Lair:2   | Found a frozen archway.
 11553 | IceCv    | Entered an ice cave
 11652 | IceCv    | Identified the -1 pair of boots of Ymoub {Harm rN+++ Will-
                  | Str-2}
 11927 | IceCv    | Got the Tome of Glaciation
 12054 | Lair:2   | Noticed a five-headed hydra
 12073 | Lair:2   | Killed a five-headed hydra
 12138 | Lair:2   | Found a hole to the Spider Nest.
 12166 | Lair:2   | Reached XP level 13. HP: 90/90 MP: 13/13
 12202 | Lair:2   | Noticed Amaemon
 12212 | Lair:2   | Killed Amaemon
 12263 | Lair:2   | Found a staircase to the Shoals.
 12772 | Lair:2   | Reached skill level 5 in Stealth
 12993 | Lair:3   | Reached skill level 10 in Shapeshifting
 13382 | Lair:3   | Noticed Sonja
 13649 | Lair:3   | Reached skill level 10 in Dodging
 14337 | Lair:3   | Killed Sonja
 14987 | Lair:4   | Noticed an ice dragon
 14999 | Lair:4   | Reached skill level 10 in Fighting
 15015 | Lair:4   | Killed an ice dragon
 15026 | Lair:4   | Found a gate leading to a gauntlet.
 15063 | Gauntlet | Entered a Gauntlet
 15063 | Gauntlet | Found a transporter.
 15094 | Gauntlet | Found a runed translucent door.
 15098 | Gauntlet | Found a transporter.
 15103 | Gauntlet | Found a runed translucent door.
 15103 | Gauntlet | Found a runed translucent door.
 15108 | Gauntlet | Found a transporter.
 15111 | Gauntlet | Found a transporter.
 15119 | Gauntlet | Found a transporter.
 15141 | Gauntlet | Found a transporter.
 15147 | Gauntlet | Noticed a quicksilver ooze
 15151 | Gauntlet | Found a transporter.
 15163 | Gauntlet | Found a transporter.
 15182 | Gauntlet | Found a transporter.
 15196 | Gauntlet | Found a transporter.
 15196 | Gauntlet | Found a transporter.
 15206 | Gauntlet | Found a transporter.
 15247 | Gauntlet | Found a transporter.
 15267 | Gauntlet | Found a transporter.
 15438 | Gauntlet | Reached XP level 14. HP: 85/99 MP: 14/14
 15575 | Gauntlet | Identified the ring "Nujuim Kemn" {rF+ rC- rN+ Int+4
                  | Stlth+}
 15646 | Lair:4   | You fall into a shaft and drop 1 floor!
 15646 | Lair:5   | Entered Level 5 of the Lair of Beasts
 16370 | Lair:5   | Found a staircase to the Slime Pits.
 16664 | Lair:5   | Found a large runed translucent door.
 16831 | Lair:5   | Found a large runed translucent door.
 19049 | D:12     | Noticed a sphinx
 19053 | D:12     | Paralysed by a sphinx for 3 turns
 19062 | D:12     | Paralysed by a sphinx for 2 turns
 19065 | D:12     | Killed a sphinx
 19104 | D:12     | Reached XP level 15. HP: 84/107 MP: 15/15
 19271 | D:12     | Identified the staff of Dust {Fly rElec rC+ Int+2 Air}
 19641 | D:12     | Noticed a tengu reaver
 19656 | D:12     | Killed a tengu reaver
 19774 | D:12     | Identified the +3 hand axe of Resourcefulness {freeze,
                  | Int+3}
 19837 | D:12     | a quicksilver ooze changed into a storm dragon
 19837 | D:12     | Noticed a storm dragon (glowing shapeshifter)
 19842 | D:12     | a storm dragon changed into a dire elephant
 19847 | D:12     | a dire elephant changed into an emperor scorpion
 19847 | D:12     | Noticed an emperor scorpion (glowing shapeshifter)
 19848 | D:12     | an emperor scorpion changed into an iron troll
 19852 | D:12     | a stone giant changed into a quicksilver dragon
 19852 | D:12     | Noticed a quicksilver dragon (glowing shapeshifter)
 19856 | D:12     | a quicksilver dragon changed into a shadow dragon
 19856 | D:12     | Noticed a shadow dragon (glowing shapeshifter)
 19860 | D:12     | Killed a shadow dragon
 20359 | D:12     | Killed Psyche
 20572 | D:13     | Found a gate to the Vaults.
 20907 | D:9      | Acquired a manual of Fighting
 20974 | Orc:1    | Entered Level 1 of the Orcish Mines
 21010 | Orc:1    | Noticed Nergalle
 21013 | Orc:1    | Noticed Jorgrun
 21026 | Orc:1    | Noticed Gastronok
 21360 | D:13     | Found Iroq War's Vocational Training.
 21464 | D:13     | Found a runed translucent gate.
 21464 | D:13     | Found a runed translucent gate.
 21465 | D:13     | Found a runed translucent gate.
 21476 | D:13     | Noticed Hatoon's ghost (journeyman OpSh)
 22076 | D:13     | Killed Hatoon's ghost
 22118 | D:13     | Reached XP level 16. HP: 114/114 MP: 17/17
 22260 | D:14     | Reached skill level 1 in Spellcasting
 22266 | D:14     | Found a shadowy altar of Dithmenos.
 22332 | D:14     | Reached skill level 1 in Translocations
 22904 | D:14     | Found Vyse Ogh's Assorted Antiques.
 22945 | D:15     | Entered Level 15 of the Dungeon
 22972 | D:15     | Noticed Nessos
 22978 | D:15     | Noticed Kirke
 23064 | D:15     | Killed Kirke
 23074 | D:15     | Killed Nessos
 23434 | D:15     | Found a broken altar of Ashenzari.
 23434 | D:15     | Found a snail-covered altar of Cheibriados.
 23435 | D:15     | Found a glowing silver altar of Zin.
 23737 | D:15     | Found a staircase to the Depths.
 24401 | D:15     | Reached skill level 10 in Evocations
 24434 | D:15     | Reached skill level 5 in Translocations
 24619 | D:15     | Reached XP level 17. HP: 63/123 MP: 22/22
 24721 | D:15     | Reached skill level 10 in Stealth
 25301 | D:9      | Killed soepkip's ghost
 25394 | D:8      | Killed Ethylacetat's ghost
 25611 | D:3      | Bought a scroll of acquirement for 676 gold pieces
 25611 | D:3      | Acquired the ring of Sobun {Drain Fly Will++ rCorr Str+6}
 25808 | D:10     | Killed Jorgrun
 25873 | Orc:1    | Killed Nergalle
 25933 | Orc:1    | Killed Gastronok
 26007 | Orc:1    | Found Zahokhlo's Antique Armour Shoppe.
 26007 | Orc:1    | Noticed Snorg
 26017 | Orc:1    | Killed Snorg
 26231 | Orc:2    | Entered Level 2 of the Orcish Mines
 26346 | Orc:2    | Found a staircase to the Elven Halls.
 26554 | Orc:2    | Found Tagebaho's Gadget Gallery.
 26567 | Orc:2    | Bought a wand of flame (11) for 123 gold pieces
 27373 | Orc:2    | Found Xietoung's General Store.
 27377 | Orc:2    | Found Dez Hedi's Weapon Shoppe.
 27378 | Orc:2    | Found Osyrr's Antique Weapon Shoppe.
 27379 | Orc:2    | Found Rigifig's Antique Weapon Emporium.
 27450 | Orc:2    | Bought a wand of iceblast (5) for 192 gold pieces
 27450 | Orc:2    | Bought a wand of flame (10) for 112 gold pieces
 27754 | D:15     | Identified the +9 rapier "Gucujuac" {freeze, Int+2}
 27910 | D:15     | Learned a level 2 spell: Blink
 27913 | D:15     | Learned a level 2 spell: Lesser Beckoning
 28679 | Shoals:1 | Entered Level 1 of the Shoals
 29043 | Shoals:1 | Reached skill level 5 in Spellcasting
 29105 | Shoals:1 | Reached skill level 15 in Unarmed Combat
 29880 | Shoals:2 | Reached XP level 18. HP: 132/132 MP: 25/25
 30352 | Shoals:2 | Reached skill level 15 in Shapeshifting
 30422 | Shoals:2 | Noticed Polyphemus
 30528 | Shoals:2 | Killed Polyphemus
 30948 | Shoals:2 | Reached skill level 15 in Fighting
 31086 | Shoals:2 | Learned a level 4 spell: Manifold Assault
 31087 | Shoals:3 | Found Ysivenast's General Store.
 31667 | Shoals:3 | Found a runed translucent door.
 31671 | Shoals:3 | Noticed vilexx's ghost (adept DjHW)
 31671 | Shoals:3 | Found the +9 sword of Zonguldrok {reap}
 31686 | Shoals:3 | Killed vilexx's ghost
 31905 | Shoals:4 | Entered Level 4 of the Shoals
 32509 | D:9      | Acquired the ring "Oleg" {Fly rN+++ MP+9}
 32742 | Shoals:4 | Got a barnacled rune of Zot
 32766 | Shoals:4 | Identified the ring "Cydeq" {rC+ rCorr}
 33023 | Shoals:4 | Noticed Ilsuiw
 33030 | Shoals:4 | Killed Ilsuiw
 33065 | Shoals:4 | Identified the +2 shortbow "Afiliv" {flame, rC+ Will++}
 33491 | Shoals:4 | Noticed Roxanne
 33508 | Shoals:4 | Killed Roxanne
 34184 | Spider:1 | Entered Level 1 of the Spider Nest
 34336 | D:9      | Bought the amulet of Vitality {RegenMP++ Regen++} for 2000
                  | gold pieces
 34336 | D:9      | Found the amulet of Vitality {RegenMP++ Regen++}
 34528 | Spider:1 | Reached XP level 19. HP: 141/141 MP: 25/28
 35756 | Spider:2 | Reached skill level 10 in Translocations
 35837 | Spider:2 | You are sucked into a shaft and drop 1 floor!
 36650 | Spider:4 | Entered Level 4 of the Spider Nest
 37379 | Spider:4 | Reached XP level 20. HP: 150/150 MP: 2/31
 37391 | Spider:4 | Identified the +1 hat of the Puckish God {Regen+ rCorr}
 37393 | Spider:4 | Got a gossamer rune of Zot
 38512 | Vaults:1 | Entered Level 1 of the Vaults
 38688 | Vaults:1 | Noticed Asterion
 38710 | Vaults:1 | Killed Asterion
 38715 | Vaults:1 | Reached skill level 15 in Dodging
 40299 | Vaults:2 | Found Viuw's Armour Boutique.
 40644 | Vaults:2 | Found Viumeh's Armour Boutique.
 40784 | Vaults:2 | Found Worufest's Assorted Antiques.
 40787 | Vaults:2 | Found Yrygono's Antique Armour Shoppe.
 41335 | Vaults:3 | Reached XP level 21. HP: 157/157 MP: 15/33
 41341 | Vaults:3 | Found a staircase to the Crypt.
 41488 | Vaults:3 | Found Afrushot's Assorted Antiques.
 41507 | Vaults:3 | Found Maofinycva's Antique Weapon Emporium.
 41508 | Vaults:3 | Found a flickering gateway to a bazaar.
 41541 | Bazaar   | Entered a bazaar
 41541 | Bazaar   | Found Uvvuhuv's Distillery.
 41541 | Bazaar   | Found Juutuo's Magic Scroll Shoppe.
 41541 | Bazaar   | Found Dawk's Magic Scroll Emporium.
 41561 | Bazaar   | Bought a potion of mutation for 56 gold pieces
 41561 | Bazaar   | Bought 2 potions of ambrosia for 112 gold pieces
 41561 | Bazaar   | Bought a potion of curing for 21 gold pieces
 41561 | Bazaar   | Bought a potion of attraction for 21 gold pieces
 41561 | Bazaar   | Bought a potion of curing for 21 gold pieces
 41563 | Bazaar   | Bought a scroll of teleportation for 42 gold pieces
 41563 | Bazaar   | Bought a scroll of immolation for 56 gold pieces
 41563 | Bazaar   | Bought a scroll of fog for 56 gold pieces
 41968 | D:9      | Acquired the +0 hat of the Four of Swords {Drain Regen+
                  | rCorr Str+2}
 42626 | Vaults:3 | Noticed Margery
 42628 | Vaults:3 | Noticed a dread lich
 42637 | Vaults:3 | Killed Margery
 42654 | Vaults:3 | Killed a dread lich
 42987 | Vaults:3 | Noticed Zenata
 42992 | Vaults:3 | Killed Zenata
 43689 | Vaults:4 | Learned a level 3 spell: Gell's Gravitas
 43693 | Vaults:4 | Learned a level 3 spell: Teleport Other
 43700 | Vaults:4 | Learned a level 6 spell: Dispersal
 44568 | D:13     | Bought a manual of Evocations for 1280 gold pieces
 45000 | Vaults:4 | Found Monaosy's Magic Scroll Boutique.
 45007 | Vaults:4 | Bought a scroll of blinking for 150 gold pieces
 45370 | Elf:1    | Entered Level 1 of the Elven Halls
 45608 | Elf:1    | Found a portal to a secret trove of treasure.
 45615 | Elf:1    | You are sucked into a shaft and drop 1 floor!
 45622 | Elf:2    | Reached XP level 22. HP: 165/165 MP: 35/35
 45737 | Elf:2    | Found a runed translucent gate.
 45738 | Elf:2    | Found a runed translucent gate.
 45837 | Elf:2    | Found a runed translucent gate.
 46249 | Elf:2    | Paralysed by an air elemental for 1 turns
 46349 | Elf:2    | Reached skill level 10 in Spellcasting
 46452 | Elf:2    | Noticed Louise
 46459 | Elf:2    | Killed Louise
 47054 | Elf:3    | Entered Level 3 of the Elven Halls
 47360 | Elf:3    | Paralysed by an air elemental for 1 turns
 47856 | Elf:3    | Found the +6 lightning scales {swift, rElec}
 47899 | Elf:3    | Identified the +3 dagger "Tocapt" {distort, Will+}
 47900 | Elf:3    | Identified the staff "Ucri Fipn" {Fly Conj}
 47902 | Elf:3    | Identified the staff of Sharkskin {rC+ Str+2 Int+3 Dex+3
                  | Ice}
 48107 | D:8      | Bought a potion of magic for 112 gold pieces
 48107 | D:8      | Bought a potion of curing for 42 gold pieces
 48131 | D:9      | Bought 2 potions of curing for 84 gold pieces
 48131 | D:9      | Bought a potion of curing for 42 gold pieces
 48134 | D:9      | Bought a potion of heal wounds for 150 gold pieces
 48134 | D:9      | Bought a potion of curing for 90 gold pieces
 48134 | D:9      | Bought a potion of curing for 90 gold pieces
 48236 | D:14     | Bought a potion of curing for 84 gold pieces
 48307 | Vaults:2 | Bought a potion of curing for 99 gold pieces
 48544 | Elf:3    | Got the Directory of the Charged Quake
 48552 | Elf:3    | Identified the staff of Midwinter {Fly Str-2 Earth Poison}
 48559 | Elf:3    | Identified the +1 pair of boots of Cujemm {rElec}
 48576 | Elf:3    | Identified the staff "Qilell" {rC+ rN++ rCorr Ice}
 48578 | Elf:3    | Got the Directory of the Baleful Deep Freeze
 48582 | Elf:3    | Identified the +2 steam dragon scales of Udghu {rF+ Str+3}
 48716 | Elf:3    | Found Assavou's Overcharged Wands.
 49437 | Vaults:5 | Entered Level 5 of the Vaults
 49446 | Vaults:5 | Reached XP level 23. HP: 164/172 MP: 27/37
 49463 | Vaults:5 | Noticed a golden dragon
 49476 | Vaults:5 | Killed a golden dragon
 49497 | Vaults:5 | Noticed an ancient lich
 49545 | Vaults:5 | Noticed a golden dragon
 49548 | Vaults:5 | Killed an ancient lich
 49565 | Vaults:5 | Killed a golden dragon
 49627 | Vaults:5 | Noticed an ancient lich
 49637 | Vaults:5 | Killed an ancient lich
 49678 | Vaults:5 | Identified the +1 falchion "Mydwiyj" {elec, MP+9 Dex+5}
 49678 | Vaults:5 | Identified the +2 plate armour of an ossuary {+Blink rC+
                  | Dex-5}
 49934 | Vaults:5 | Identified the staff of Reapportionment {rPois Int+3 Stlth+
                  | Poison}
 49941 | Vaults:5 | Got Locuinuh's Disquisition on Points
 49978 | Vaults:5 | Found the +3 Elemental Staff {ele, rElec rF+ rC+ AC+3}
 49987 | Vaults:5 | Identified the +4 chain mail of Impressiveness {Int+4
                  | Slay+6}
 49989 | Vaults:5 | Identified the +4 sling of Plague {antimagic, Dex+3}
 50438 | Vaults:5 | Identified the ring of Nyxys {Will+ Int-3 Dex+6}
 50951 | Vaults:5 | Identified the +2 pair of boots of Ru {rN+ Str+3}
 50997 | Vaults:5 | Got a silver rune of Zot
 51192 | Vaults:5 | Identified the +9 short sword of Bathruas {heavy, rElec
                  | rF+}
 51348 | Vaults:5 | Reached skill level 15 in Translocations
 51619 | D:9      | Acquired the ring of Doubts {rN+ SInv}
 51624 | D:9      | Acquired 714 gold pieces
 51797 | Elf:1    | You paid a toll of 20 potions of curing to enter a treasure
                  | trove
 51798 | Trove    | Entered a treasure trove
 51800 | Trove    | Identified the amulet "Itufot" {RegenMP Harm Dex+3}
 51807 | Trove    | Identified the ring of Pales {MP+9 Str+3 Int+3}
 51810 | Trove    | Identified the ring "Tocke" {rF++ EV+5 Dex+2}
 51812 | Trove    | Identified the ring of the King {rCorr Str+2 Int+2 Dex+6}
 51820 | Trove    | Identified the ring of Oboico {rF+ SInv}
 51822 | Trove    | Identified the ring of Maaxiarr {rF+++ Will- Dex+6}
 51824 | Trove    | Identified the ring of Hehawk {EV+5 Str-5 Int+4}
 51826 | Trove    | Identified the ring of Orem {Will+ Str+4}
 51830 | Trove    | Identified the ring "Tac Nuit" {Str+4 Dex+6}
 52013 | D:9      | Learned a level 4 spell: Passage of Golubria
 52812 | Depths:1 | Entered Level 1 of the Depths
 52919 | Depths:1 | Found Cyod's Antique Artefacts.
 52926 | Depths:1 | Bought a shimmering granite ring for 195 gold pieces
 52926 | Depths:1 | Identified the ring "Oghemn" {Fly rC+ rN+++ Str+6 Stlth-}
                  | (You bought it in a shop on level 1 of the Depths)
 52926 | Depths:1 | Bought an ancient lead ring for 195 gold pieces
 52926 | Depths:1 | Identified the ring "Ogyluot" {Fly rPois AC+4 Dex-4 SInv}
                  | (You bought it in a shop on level 1 of the Depths)
 52926 | Depths:1 | Bought an ancient bronze ring for 195 gold pieces
 52926 | Depths:1 | Identified the ring of Moupt {rC+ rN+ Will+ Int+2 Dex-4}
                  | (You bought it in a shop on level 1 of the Depths)
 52935 | Depths:1 | Reached XP level 24. HP: 180/180 MP: 34/37
 53085 | Depths:1 | Found a gateway to Hell.
 53254 | Depths:1 | Found a one-way gate leading to the halls of Pandemonium.
 53338 | Depths:1 | Found Kurghyal's Hallowed Reliquary.
 53339 | Depths:1 | Found a white marble altar of Elyvilon.
 53346 | Depths:1 | Bought a potion of curing for 57 gold pieces
 53346 | Depths:1 | Bought 2 potions of curing for 114 gold pieces
 53349 | Depths:1 | Found a one-way gate to the infinite horrors of the Abyss.
 53877 | Depths:2 | Found a one-way gateway to a ziggurat.
 54255 | Depths:2 | Identified the +9 short sword of the Unbearable God {venom,
                  | rN++ Int+5}
 54893 | Depths:3 | Noticed Xtahua
 54899 | Depths:3 | Killed Xtahua
 54931 | Depths:3 | Noticed Sojobo
 54936 | Depths:3 | Killed Sojobo
 56084 | Depths:3 | Identified the ring "Biralaz" {Ice rN+ Str+2}
 56084 | Depths:3 | Noticed Josephina
 56086 | Depths:3 | Noticed an ancient lich
 56087 | Depths:3 | Killed an ancient lich
 56096 | Depths:3 | Killed Josephina
 56420 | Depths:3 | Reached XP level 25. HP: 189/189 MP: 37/37
 56433 | Depths:3 | Identified the +9 orcbow "Gun Zoq" {heavy, Contam Str+3
                  | Int+2}
 56435 | Depths:3 | Identified the +7 sling "Terousoff" {heavy, Int+4}
 56573 | Depths:3 | You are sucked into a shaft and drop 1 floor!
 56573 | Depths:4 | Entered Level 4 of the Depths
 56642 | Depths:4 | Found Wuikluipt's Antique Weapon Shop.
 56903 | Depths:4 | Found a gate to the Realm of Zot.
 57896 | Slime:1  | Entered Level 1 of the Pits of Slime
 59198 | Slime:2  | Found a viscous altar of Jiyva.
 61731 | Slime:5  | Entered Level 5 of the Pits of Slime
 62059 | Slime:5  | Noticed the Royal Jelly
 62067 | Slime:5  | Killed the Royal Jelly
 62204 | Slime:5  | Gained mutation: Your magical capacity is low. (-10% MP) [a
                  | shining eye]
 62307 | Slime:5  | Reached XP level 26. HP: 197/197 MP: 26/34
 62538 | Slime:5  | Found the +7 Spriggan's Knife {stab, EV+4 Stlth+}
 62547 | Slime:5  | Found the ring of the Mage {Wiz Archmagi}
 62579 | Slime:5  | Identified the +1 leather armour of Gafomnas {rElec}
 62590 | Slime:5  | Identified the +3 quarterstaff of Keofuniu {antimagic,
                  | +Blink rF+ Dex+2 SInv}
 62591 | Slime:5  | Identified the +3 dagger "Spiderbane" {spect, rC+ Str+3
                  | Dex+2}
 62602 | Slime:5  | Got a slimy rune of Zot
 62625 | Slime:5  | Identified the ring of Suytacef {rF+ Will+ rCorr SInv}
 62667 | Slime:5  | Identified the +2 plate armour of Puet {Dex+3}
 63696 | D:9      | Bought the ring of Ziepseut {rC+ Str+3 Int+4} for 980 gold
                  | pieces
 64068 | Depths:1 | Voluntarily entered the Abyss.
 64273 | Abyss:1  | Found a corrupted altar of Lugonu.
 64406 | Abyss:3  | Found a corrupted altar of Lugonu.
 64527 | Abyss:3  | Found a corrupted altar of Lugonu.
 64536 | Abyss:3  | Got an abyssal rune of Zot
 64567 | Depths:1 | Escaped the Abyss
 64612 | Pan      | Entered the realm of Gloorx Vloq.
 64612 | Pan      | Entered Pandemonium
 65523 | Pan      | Identified the +9 plate armour of Surprise {Will++ rCorr}
 66240 | Pan      | Noticed Gloorx Vloq
 66251 | Pan      | Killed Gloorx Vloq
 66314 | Pan      | Got a dark rune of Zot
 67157 | Pan      | Gained mutation: You occasionally lose the ability to read
                  | scrolls when taking damage. [a cacodemon]
 67162 | Pan      | Lost mutation: Your magical capacity is low. (-10% MP)
                  | [potion of mutation]
 67162 | Pan      | Lost mutation: You occasionally lose the ability to read
                  | scrolls when taking damage. [potion of mutation]
 67162 | Pan      | Gained mutation: One of your tentacles bears a spike.
                  | [potion of mutation]
 67162 | Pan      | Gained mutation: You are agile. (Dex +4, Str/Int -1)
                  | [potion of mutation]
 67162 | Pan      | Gained mutation: You are somewhat resistant to further
                  | mutation. [potion of mutation]
 67182 | Pan      | Reached XP level 27. HP: 205/205 MP: 35/39
 67562 | Pan      | Noticed Ibedaska the pandemonium lord
 67577 | Pan      | Killed Ibedaska the pandemonium lord
 68004 | Pan      | Noticed Aneyracw the pandemonium lord
 68007 | Pan      | Killed Aneyracw the pandemonium lord
 68650 | Pan      | Entered the realm of Lom Lobon.
 68650 | Pan      | Found an exit through the horrors of the Abyss.
 69799 | Pan      | Noticed Lom Lobon
 69830 | Pan      | Killed Lom Lobon
 69936 | Pan      | Got a magical rune of Zot
 70370 | Pan      | Found a huge runed translucent gate.
 71166 | Pan      | Found a huge runed translucent gate.
 71166 | Pan      | Found a huge runed translucent gate.
 71167 | Pan      | Found a huge runed translucent gate.
 71167 | Pan      | Found a huge runed translucent gate.
 71468 | Pan      | Found a huge runed translucent gate.
 71468 | Pan      | Found a huge runed translucent gate.
 71475 | Pan      | Noticed Pis Nion the pandemonium lord
 71489 | Pan      | Killed Pis Nion the pandemonium lord
 71544 | Pan      | Got a demonic rune of Zot
 71575 | Pan      | Entered the realm of Mnoleg.
 71575 | Pan      | Noticed Mnoleg
 71582 | Pan      | Paralysed by a floating eye for 3 turns
 71589 | Pan      | Paralysed by a floating eye for 4 turns
 71598 | Pan      | Paralysed by a floating eye for 4 turns
 71611 | Pan      | Identified the +3 long sword "Uveun" {heavy, *Rage rF+ rN+
                  | rCorr}
 71630 | Pan      | Killed Mnoleg
 72070 | Pan      | Got a glowing rune of Zot
 72411 | Pan      | Noticed Honukuug the pandemonium lord
 72435 | Pan      | Killed Honukuug the pandemonium lord
 72825 | Pan      | Found an exit through the horrors of the Abyss.
 73187 | Depths:1 | Escaped Pandemonium
 73751 | Hell     | Entered the Vestibule of Hell
 73751 | Hell     | Noticed Geryon
 73764 | Hell     | Killed Geryon
 73805 | Hell     | Noticed Murray
 73864 | Hell     | Killed Murray
 74117 | Hell     | Found a gateway to the ashen valley of Gehenna.
 74189 | Hell     | Found a gateway to the decaying netherworld of Tartarus.
 74259 | Hell     | Found a gateway to the freezing wastes of Cocytus.
 74304 | Hell     | Found a gateway to the Iron City of Dis.
 74528 | Zot:1    | Entered Level 1 of the Realm of Zot
 74918 | Zot:1    | Noticed Parghit
 74920 | Zot:1    | Killed Parghit
 78636 | Zot:4    | Noticed an orb of fire
 78651 | Zot:4    | Killed an orb of fire
 79021 | Zot:4    | Found a runed translucent door.
 79022 | Zot:4    | Noticed Kapop's ghost (legendary GrMo)
 79030 | Zot:4    | Killed Kapop's ghost
 79587 | D:9      | Bought a scroll of blinking for 135 gold pieces
 80058 | Zot:5    | Entered Level 5 of the Realm of Zot
 80465 | Zot:5    | Reached skill level 15 in Stealth
 80471 | Zot:5    | Noticed a dread lich
 80771 | Zot:5    | Noticed an orb of fire
 80776 | Zot:5    | Killed an orb of fire
 80959 | Zot:5    | Killed a dread lich
 81076 | Zot:5    | Reached skill level 15 in Evocations
 81103 | Zot:5    | Noticed an orb of fire
 81107 | Zot:5    | Killed an orb of fire
 81173 | Zot:5    | Noticed an orb of fire
 81177 | Zot:5    | Killed an orb of fire
 81178 | Zot:5    | Reached skill level 15 in Spellcasting
 81185 | Zot:5    | Noticed a dread lich
 81202 | Zot:5    | Noticed an orb of fire
 81202 | Zot:5    | Killed a dread lich
 81206 | Zot:5    | Gained mutation: Your spells are a little easier to cast,
                  | but a little less powerful. [an orb of fire]
 81208 | Zot:5    | Killed an orb of fire
 81218 | Zot:5    | Noticed an orb of fire
 81229 | Zot:5    | Killed an orb of fire
 81257 | Zot:5    | Noticed a dread lich
 81260 | Zot:5    | Noticed an orb of fire
 81270 | Zot:5    | Killed a dread lich
 81271 | Zot:5    | Gained mutation: You are vulnerable to heat. (rF-) [an orb
                  | of fire]
 81273 | Zot:5    | Gained mutation: You are weak. (Str -2) [an orb of fire]
 81274 | Zot:5    | Killed an orb of fire
 82095 | D:8      | Bought a potion of might for 56 gold pieces
 82109 | D:9      | Bought a potion of might for 72 gold pieces
 82109 | D:9      | Bought a potion of might for 72 gold pieces
 82406 | Geh:1    | Entered Level 1 of Gehenna
 82406 | Geh:1    | Noticed a dread lich
 82416 | Geh:1    | Killed a dread lich
 82426 | Geh:1    | Noticed an ancient lich
 82447 | Geh:1    | Killed an ancient lich
 84585 | Geh:6    | Noticed an ancient lich
 84589 | Geh:6    | Killed an ancient lich
 84779 | Geh:7    | Entered Level 7 of Gehenna
 85845 | Geh:7    | Found the +13 sceptre of Asmodeus
 85845 | Geh:7    | Noticed Asmodeus
 85861 | Geh:7    | Killed Asmodeus
 85940 | Geh:7    | Got an obsidian rune of Zot
 86688 | D:9      | Bought the ring of the Pariah {rC+ Will+ Dex+3} for 770
                  | gold pieces
 86988 | Coc:1    | Entered Level 1 of Cocytus
 87302 | Coc:2    | Paralysed by a wendigo for 1 turns
 87992 | Coc:4    | Gained mutation: You are frail. (-10% HP) [mutagenic glow]
 88028 | Coc:4    | Paralysed by a wendigo for 1 turns
 88047 | Coc:4    | Gained mutation: You occasionally shout uncontrollably at
                  | your foes. [mutagenic glow]
 88441 | Coc:5    | Paralysed by a wendigo for 1 turns
 88946 | Coc:7    | Entered Level 7 of Cocytus
 89693 | Coc:7    | Identified the +1 executioner's axe of the Pharaoh's Fist
                  | {freeze, Int+6 Stlth+}
 89693 | Coc:7    | Noticed Antaeus
 89766 | Coc:7    | Killed Antaeus
 89838 | Coc:7    | Noticed the Serpent of Hell
 89856 | Coc:7    | Killed the Serpent of Hell
 90344 | Coc:7    | Got an icy rune of Zot
 90349 | Coc:7    | Identified the staff of the Bursting Gods {Fragile rElec
                  | rF+ Dex+6 Fire}
 90513 | Coc:7    | Identified the amulet "Kasuydop" {*Slow Fragile Regen+
                  | rCorr Int+8 Stlth+}
 90528 | Coc:7    | Identified the +0 whip of the Kidney {holy, rC++ Str-5
                  | Int+3 SInv}
 90532 | Coc:7    | Identified the +6 shortbow of Valour {elec, rElec Will+
                  | Stlth+}
 91238 | Pan      | Entered the realm of Cerebov.
 91238 | Pan      | Entered Pandemonium
 91377 | Pan      | Found an exit through the horrors of the Abyss.
 91601 | Pan      | Identified the ring of the Komtur {rElec rPois Will+}
 91816 | Pan      | Identified the staff "Hupsiosm" {rElec rC+ Str+2 Stlth+
                  | Air}
 91853 | Pan      | Identified the +10 long sword "Teff" {spect, rC+ Str+5}
 91926 | Pan      | Identified the ring of Moset {rCorr Str+4 Int+4}
 91930 | Pan      | Identified the staff of Mutilation {Fragile rC+ Int+3 SInv
                  | Earth}
 91967 | Pan      | Identified the ring "Xaevaq" {Ice Dex+5}
 91972 | Pan      | Got the Compendium of Hot Sculpting
 91973 | Pan      | Identified the +4 short sword "Qaekk" {flame, *Noise Fly
                  | rF+ Int+10}
 92054 | Pan      | Reached skill level 1 in Ice Magic
 92055 | Pan      | Found the +6 sword of Cerebov {flame}
 92055 | Pan      | Noticed Cerebov
 92077 | Pan      | Killed Cerebov
 92350 | Pan      | Got a fiery rune of Zot
 92774 | Pan      | Found an exit through the horrors of the Abyss.
 92879 | Pan      | Noticed Cuhumpy the pandemonium lord
 92884 | Pan      | Killed Cuhumpy the pandemonium lord
 93557 | Depths:1 | Escaped Pandemonium
 94182 | Tar:1    | Entered Level 1 of Tartarus
 94590 | Tar:2    | Reached skill level 5 in Ice Magic
 95250 | Tar:3    | Lost mutation: You are agile. (Dex +4, Str/Int -1) [potion
                  | of mutation]
 95250 | Tar:3    | Lost mutation: You occasionally shout uncontrollably at
                  | your foes. [potion of mutation]
 95250 | Tar:3    | Gained mutation: You occasionally shout uncontrollably at
                  | your foes. [potion of mutation]
 95251 | Tar:3    | Lost mutation: You are weak. (Str -2) [potion of mutation]
 95251 | Tar:3    | Lost mutation: You are vulnerable to heat. (rF-) [potion of
                  | mutation]
 95252 | Tar:3    | Lost mutation: Your spells are a little easier to cast, but
                  | a little less powerful. [potion of mutation]
 95252 | Tar:3    | Lost mutation: You are somewhat resistant to further
                  | mutation. [potion of mutation]
 95252 | Tar:3    | Gained mutation: One of your tentacles bears a nasty spike.
                  | [potion of mutation]
 95252 | Tar:3    | Gained mutation: You are agile. (Dex +4, Str/Int -1)
                  | [potion of mutation]
 95253 | Tar:3    | Lost mutation: You occasionally shout uncontrollably at
                  | your foes. [potion of mutation]
 95253 | Tar:3    | Lost mutation: One of your tentacles bears a nasty spike.
                  | [potion of mutation]
 95253 | Tar:3    | Gained mutation: You occasionally shout uncontrollably at
                  | your foes. [potion of mutation]
 95254 | Tar:3    | Lost mutation: One of your tentacles bears a spike. [potion
                  | of mutation]
 95254 | Tar:3    | Lost mutation: You are frail. (-10% HP) [potion of
                  | mutation]
 95254 | Tar:3    | Gained mutation: Your flesh is heat resistant. (rF+)
                  | [potion of mutation]
 95254 | Tar:3    | Gained mutation: You are partially covered in large bone
                  | plates. (SH +4) [potion of mutation]
 95255 | Tar:3    | Lost mutation: You occasionally shout uncontrollably at
                  | your foes. [potion of mutation]
 95255 | Tar:3    | Lost mutation: You are partially covered in large bone
                  | plates. (SH +4) [potion of mutation]
 95255 | Tar:3    | Lost mutation: Your flesh is heat resistant. (rF+) [potion
                  | of mutation]
 95255 | Tar:3    | Gained mutation: You sometimes lose your temper in combat.
                  | [potion of mutation]
 95255 | Tar:3    | Lost mutation: You sometimes lose your temper in combat.
                  | [potion of mutation]
 95256 | Tar:3    | Lost mutation: You are agile. (Dex +4, Str/Int -1) [potion
                  | of mutation]
 95256 | Tar:3    | Gained mutation: You are clumsy. (Dex -2) [potion of
                  | mutation]
 95257 | Tar:3    | Lost mutation: You are clumsy. (Dex -2) [potion of
                  | mutation]
 95257 | Tar:3    | Gained mutation: You have supernaturally acute eyesight.
                  | (SInv) [potion of mutation]
 95257 | Tar:3    | Gained mutation: One of your tentacles bears a spike.
                  | [potion of mutation]
 95912 | Tar:6    | Noticed an ancient lich
 95928 | Tar:6    | Killed an ancient lich
 96067 | Tar:7    | Entered Level 7 of Tartarus
 97101 | Tar:7    | Identified the +7 chain mail of Silly Fun {Harm rF+ Slay+3}
 97102 | Tar:7    | Identified the +6 broad axe of Midwinter {heavy, rC+ Int+4}
 97397 | Tar:7    | Identified the ring of Fazoj {rF+ MP+9 EV+5}
 97400 | Tar:7    | Got the Meditations on Deathly Flesh
 97405 | Tar:7    | Learned a level 3 spell: Ozocubu's Armour
 97414 | Tar:7    | Learned a level 8 spell: Disjunction
 97417 | Tar:7    | Learned a level 2 spell: Wereblood
 98071 | Tar:7    | Reached skill level 27 in Unarmed Combat
 98099 | Tar:7    | Noticed Ereshkigal
 98278 | Tar:7    | Reached skill level 10 in Ice Magic
 98302 | Tar:7    | Killed Ereshkigal
 98407 | Tar:7    | Found the amulet of the Four Winds {rN+ Will+++ Clar}
 98415 | Tar:7    | Got a bone rune of Zot
 98418 | Tar:7    | Identified the +2 orcbow of Scorn {drain, Int+3}
 98420 | Tar:7    | Identified the +8 hand axe "Iwkut" {freeze, rN++ Str+5}
 98422 | Tar:7    | Identified the +0 pair of gloves of Terror {Str+3 Dex-2
                  | SInv}
 98986 | Crypt:1  | Entered Level 1 of the Crypt
 99068 | Crypt:1  | Reached skill level 1 in Transmutations
 99244 | Crypt:1  | Found the +9 sword of Power {lifebolt}
 99406 | Crypt:1  | You are sucked into a shaft and drop 1 floor!
 99956 | Crypt:2  | Noticed Donald
 99961 | Crypt:2  | Killed Donald
100029 | Crypt:2  | Noticed Jory
100032 | Crypt:2  | Killed Jory
100439 | Crypt:3  | Entered Level 3 of the Crypt
100463 | Crypt:3  | Noticed a royal mummy
100463 | Crypt:3  | Noticed a royal mummy
100466 | Crypt:3  | Noticed Khufu
100704 | Crypt:3  | Killed a royal mummy
100740 | Crypt:3  | Killed a royal mummy
100749 | Crypt:3  | Killed Khufu
100981 | Crypt:3  | Found an ancient bone altar of Kikubaaqudgha.
101694 | Crypt:3  | Found a staircase to the Tomb.
101740 | Crypt:3  | Identified the ring "Amiac" {rElec rN+ Str+6 Int+2 Stlth-}
101740 | Crypt:3  | Identified the ring "Jyxun" {rN+ Will- Dex+6 SInv}
101740 | Crypt:3  | Identified the ring of Haifatum {rN+ rCorr Str-2 Int+9
                  | Stlth-}
103110 | Dis:1    | Entered Level 1 of the Iron City of Dis
103349 | Dis:2    | Reached skill level 5 in Transmutations
104369 | Dis:5    | Noticed a dread lich
104371 | Dis:5    | Killed a dread lich
104614 | Dis:7    | Entered Level 7 of the Iron City of Dis
105286 | Dis:7    | Noticed a juggernaut
105292 | Dis:7    | Killed a juggernaut
105317 | Dis:7    | Identified the +0 chain mail "Ymyklet" {rElec rF+ Int+3
                  | Dex+3}
105689 | Dis:7    | Noticed a juggernaut
105693 | Dis:7    | Killed a juggernaut
105710 | Dis:7    | Noticed Dispater
105723 | Dis:7    | Killed Dispater
105829 | Dis:7    | Got an iron rune of Zot
106093 | Dis:7    | Noticed a juggernaut
106101 | Dis:7    | Killed a juggernaut
106191 | Dis:7    | Identified the +0 robe "Ophiguji" {Regen+ rCorr Int+3
                  | Stlth+}
106831 | D:9      | Bought a potion of mutation for 112 gold pieces
106831 | D:9      | Bought a potion of mutation for 112 gold pieces
106832 | D:9      | Bought a potion of mutation for 144 gold pieces
106840 | D:9      | Upgraded the game from 0.31-a0-542-gdc2a67831c to
                  | 0.31-a0-543-geaa9c7a2c0
107136 | Zig:1    | Entered Level 1 of a ziggurat
107157 | Zig:2    | Entered Level 2 of a ziggurat
107180 | Zig:2    | Identified the +8 whip of the Wary Loafs {holy, rPois rC+
                  | Dex+2}
107183 | Zig:3    | Entered Level 3 of a ziggurat
107207 | Zig:4    | Entered Level 4 of a ziggurat
107276 | Zig:5    | Entered Level 5 of a ziggurat
107281 | Zig:5    | Noticed Yxiapac the pandemonium lord
107290 | Zig:5    | Killed Yxiapac the pandemonium lord
107322 | Zig:5    | Identified the staff of Mourning {rPois rF+ rC+ rCorr Fire}
107346 | Zig:6    | Entered Level 6 of a ziggurat
107352 | Zig:6    | Found the ring of Shadows {Umbra +Inv Stlth+}
107397 | Zig:7    | Entered Level 7 of a ziggurat
107403 | Zig:7    | Found the +2 cloak of the Thief {*Fog Slay-2 SInv Stlth+}
107472 | Zig:8    | Entered Level 8 of a ziggurat
107518 | Zig:8    | Identified the ring of Music {rPois MP+9 Dex+2}
107522 | Zig:9    | Entered Level 9 of a ziggurat
107585 | Zig:9    | Identified the +0 chain mail of Servitude {Contam Fly
                  | Str+5}
107603 | Zig:9    | Identified the ring "Miemmepi" {rPois rCorr Int+5 Slay-5}
107621 | Zig:10   | Entered Level 10 of a ziggurat
107678 | Zig:11   | Entered Level 11 of a ziggurat
107840 | Zig:11   | Identified the +6 arbalest of Bright Reinforcement {drain,
                  | Int+6}
107841 | Zig:11   | Identified the +2 rapier "Anwess" {speed, rC+ Will++ Dex+3}
107844 | Zig:11   | Identified the +2 flail of Twilight {venom, +Blink rPois
                  | Str+5 Dex-3}
107850 | Zig:12   | Entered Level 12 of a ziggurat
107955 | Zig:12   | Identified the +3 demon blade of Rurra {freeze, rC+}
107964 | Zig:13   | Entered Level 13 of a ziggurat
108000 | Zig:13   | Reached skill level 27 in Fighting
108002 | Zig:13   | Reached skill level 10 in Transmutations
108072 | Zig:13   | Found the +3 pair of gauntlets of War {Slay+5}
108102 | Zig:13   | Identified the amulet of the Coward {RegenMP rN+ Int+4}
108122 | Zig:13   | Acquired a manual of Fire Magic
108123 | Zig:13   | Acquired the Elucidation of Beguiling Relocation
108139 | Zig:14   | Entered Level 14 of a ziggurat
108157 | Zig:14   | Found the ring of the Octopus King
108170 | Zig:14   | Paralysed by an air elemental for 1 turns
108177 | Zig:14   | Reached skill level 15 in Ice Magic
108234 | Zig:14   | Identified a ring of the Octopus King {Wiz HP+2 AC+2 EV+2
                  | SH+2}
108239 | Zig:14   | Got the Handbook of the Ill-fated Squall
108255 | Zig:14   | Identified the +5 halberd of Ruination {freeze, Fly rElec
                  | rF++ rCorr}
108277 | Zig:15   | Entered Level 15 of a ziggurat
108374 | Zig:15   | Found the +8 mithril axe "Arga" {speed, Will+}
108397 | Zig:15   | Identified the ring of False Pretenses {Fly SInv}
108403 | Zig:15   | Identified the ring "Celofeni" {rCorr Str+3}
108412 | Zig:15   | Identified the ring "Sycucept" {*Corrode rC+ Will++}
108419 | Zig:16   | Entered Level 16 of a ziggurat
108439 | Zig:16   | Reached skill level 1 in Poison Magic
108447 | Zig:16   | Reached skill level 27 in Shapeshifting
108525 | Zig:16   | Identified the +1 war axe "Bykk" {vamp, *Corrode rN+ Str-3
                  | Dex+7}
108534 | Zig:16   | Got the Tractate on the Gathered Salvo
108548 | Zig:16   | Got the Codex of Support
108563 | Zig:16   | Learned a level 4 spell: Olgreb's Toxic Radiance
108568 | Zig:16   | Learned a level 3 spell: Ignite Poison
108570 | Zig:17   | Entered Level 17 of a ziggurat
108599 | Zig:17   | Reached skill level 1 in Fire Magic
108683 | Zig:17   | Identified the ring of Absolutism {rCorr MP+9 Int+3}
108698 | Zig:17   | Identified the +9 arbalest "Safiw" {flame, Str+7 Stlth+}
108708 | Zig:17   | Identified the +8 ring mail of the Leaf {Dex+2 SInv}
108726 | Zig:18   | Entered Level 18 of a ziggurat
108746 | Zig:18   | Noticed a juggernaut
108750 | Zig:18   | Noticed a juggernaut
108750 | Zig:18   | Noticed a juggernaut
108751 | Zig:18   | Noticed a juggernaut
108756 | Zig:18   | Noticed a juggernaut
108758 | Zig:18   | Killed a juggernaut
108762 | Zig:18   | Killed a juggernaut
108762 | Zig:18   | Killed a juggernaut
108764 | Zig:18   | Killed a juggernaut
108769 | Zig:18   | Killed a juggernaut
108770 | Zig:18   | Reached skill level 5 in Fire Magic
108770 | Zig:18   | Reached skill level 5 in Poison Magic
108772 | Zig:18   | Noticed a juggernaut
108782 | Zig:18   | Killed a juggernaut
108840 | Zig:18   | Found the ring of the Tortoise {AC+8}
108870 | Zig:18   | Found the +7 mace of Variability {chaos, chaos arc}
108874 | Zig:18   | Identified the amulet "Beont" {Faith Dex+5}
108891 | Zig:18   | Identified the +4 sling "Laettull" {flame, rF+}
108904 | Zig:18   | Acquired a book of Scorching
108927 | Zig:18   | Identified the +7 glaive "Fehyux" {freeze, +Blink Str+5
                  | Stlth-}
108935 | Zig:19   | Entered Level 19 of a ziggurat
109122 | Zig:19   | Found the +0 mask of the Dragon {Will+ Slay+3 SInv}
109127 | Zig:19   | Identified the ring "Vikliont" {Fly rElec rC+++ Int+2
                  | Dex-2}
109139 | Zig:19   | Got the Volume of Death
109153 | Zig:19   | Identified the ring "Kige Uta" {rN+ Str+3}
109154 | Zig:19   | Identified the +2 pair of gloves of Lifelessness {rN++
                  | Will- Int+3}
109157 | Zig:19   | Identified the +1 robe of the Hunter {*Slow rPois rF+ SInv}
109160 | Zig:20   | Entered Level 20 of a ziggurat
109207 | Zig:20   | Noticed a juggernaut
109209 | Zig:20   | Noticed a juggernaut
109209 | Zig:20   | Noticed a juggernaut
109212 | Zig:20   | Killed a juggernaut
109212 | Zig:20   | Noticed a juggernaut
109219 | Zig:20   | Killed a juggernaut
109219 | Zig:20   | Killed a juggernaut
109219 | Zig:20   | Noticed a juggernaut
109221 | Zig:20   | Killed a juggernaut
109224 | Zig:20   | Noticed a juggernaut
109226 | Zig:20   | Noticed a juggernaut
109229 | Zig:20   | Killed a juggernaut
109233 | Zig:20   | Killed a juggernaut
109237 | Zig:20   | Killed a juggernaut
109477 | Zig:20   | Identified the +0 plate armour of Autumn {-Tele rPois
                  | Regen+ rCorr}
109500 | Zig:21   | Entered Level 21 of a ziggurat
109694 | Zig:21   | Found the +2 pair of slick slippers {slick, slippery, EV+4}
109711 | Zig:21   | Identified the +1 war axe of Parts Unknown {flame, Stlth+}
109718 | Zig:21   | Identified the staff of Ragnarok {rElec rPois rF+++ Dex-5
                  | Air Earth}
109739 | Zig:22   | Entered Level 22 of a ziggurat
109779 | Zig:22   | Reached skill level 27 in Dodging
109795 | Zig:22   | Reached skill level 15 in Fire Magic
109908 | Zig:22   | Identified the +9 war axe of Crusades {holy, Int+3}
109930 | Zig:22   | Identified the amulet of the Barnacle {RegenMP +Blink rElec
                  | MP+9 Dex-5}
109946 | Zig:23   | Entered Level 23 of a ziggurat
109972 | Zig:23   | Reached skill level 10 in Poison Magic
109986 | Zig:23   | Noticed Opoc the pandemonium lord
110022 | Zig:23   | Killed Opoc the pandemonium lord
110187 | Zig:23   | Learned a level 2 spell: Poisonous Vapours
110199 | Zig:23   | Identified the ring of Archipril {Fire rElec rPois Str-2
                  | Dex-3}
110220 | Zig:24   | Entered Level 24 of a ziggurat
110242 | Zig:24   | Noticed a dread lich
110245 | Zig:24   | Noticed a dread lich
110245 | Zig:24   | Noticed a dread lich
110247 | Zig:24   | Noticed an ancient lich
110247 | Zig:24   | Noticed an ancient lich
110247 | Zig:24   | Noticed a dread lich
110248 | Zig:24   | Noticed a dread lich
110248 | Zig:24   | Noticed a dread lich
110249 | Zig:24   | Killed a dread lich
110252 | Zig:24   | Killed a dread lich
110254 | Zig:24   | Noticed an ancient lich
110260 | Zig:24   | Killed an ancient lich
110261 | Zig:24   | Killed a dread lich
110262 | Zig:24   | Killed an ancient lich
110263 | Zig:24   | Killed a dread lich
110264 | Zig:24   | Killed a dread lich
110265 | Zig:24   | Killed an ancient lich
110268 | Zig:24   | Killed a dread lich
110327 | Zig:24   | Found the +8 autumn katana {manifold assault}
110351 | Zig:24   | Identified the +7 sling of Wudex {flame, Dex+3}
110358 | Zig:24   | Identified the +0 cloak of Hubris {Rampage}
110359 | Zig:24   | Identified the +10 scimitar of Law {freeze, SInv}
110377 | Zig:24   | Learned a level 8 spell: Ignition
110390 | Zig:25   | Entered Level 25 of a ziggurat
110641 | Zig:25   | Found the +9 scales of the Dragon King {rPois rF+ rC+
                  | Will+}
110645 | Zig:25   | Found the +3 crown of Dyrovepreva {rElec Int+2 SInv}
110684 | Zig:26   | Entered Level 26 of a ziggurat
110935 | Zig:26   | Identified the amulet "Elaenit" {Faith rElec rPois rC-}
110936 | Zig:26   | Identified the +1 robe of Marbles {rCorr Str+2}
110955 | Zig:26   | Identified the +7 flail "Diemorix" {flame, rPois rC+ Str-5
                  | Int+3}
110965 | Zig:27   | Entered Level 27 of a ziggurat
110995 | Zig:27   | Noticed an ancient lich
110995 | Zig:27   | Noticed an ancient lich
110996 | Zig:27   | Noticed a dread lich
111001 | Zig:27   | Killed an ancient lich
111002 | Zig:27   | Killed an ancient lich
111006 | Zig:27   | Killed a dread lich
111216 | Zig:27   | Identified the +10 short sword "Arib Hydgh" {drain, rF++}
111227 | Zig:27   | Identified the +1 plate armour of the Game of Life {Drain
                  | rF++ Dex+4}
111241 | Zig:27   | Identified the amulet of Huuje {Faith Str+5}
111609 | D:9      | Bought the ring "Ebuuseggib" {Wiz Int+3 Dex+4} for 1085
                  | gold pieces
111614 | D:9      | Bought the ring "Ateshruu" {Fly rPois MP+9 Int+5} for 788
                  | gold pieces
111898 | Tomb:1   | Entered Level 1 of the Tomb of the Ancients
111900 | Tomb:1   | Noticed a royal mummy
111900 | Tomb:1   | Noticed a royal mummy
112347 | Tomb:1   | Identified the staff "Wyudex" {rElec rF+ rC+ Dex+4 Ice}
112376 | Tomb:1   | Noticed a royal mummy
112381 | Tomb:1   | Killed a royal mummy
114488 | Tomb:2   | Noticed a royal mummy
114488 | Tomb:2   | Noticed a royal mummy
114488 | Tomb:2   | Noticed a royal mummy
114489 | Tomb:2   | Noticed a royal mummy
114494 | Tomb:2   | Reached skill level 27 in Translocations
114497 | Tomb:2   | Killed a royal mummy
114497 | Tomb:2   | Killed a royal mummy
114501 | Tomb:2   | Killed a royal mummy
114501 | Tomb:2   | Killed a royal mummy
115080 | Tomb:1   | Noticed a royal mummy
115087 | Tomb:1   | Noticed a royal mummy
115097 | Tomb:1   | Killed a royal mummy
115098 | Tomb:1   | Noticed a royal mummy
115103 | Tomb:1   | Killed a royal mummy
115109 | Tomb:1   | Noticed a royal mummy
115111 | Tomb:1   | Killed a royal mummy
115112 | Tomb:1   | Noticed a royal mummy
115120 | Tomb:1   | Killed a royal mummy
115152 | Tomb:1   | Noticed a royal mummy
115155 | Tomb:1   | Noticed a royal mummy
115157 | Tomb:1   | Noticed a royal mummy
115162 | Tomb:1   | Noticed a royal mummy
115164 | Tomb:1   | Killed a royal mummy
115165 | Tomb:1   | Killed a royal mummy
115166 | Tomb:1   | Noticed a royal mummy
115176 | Tomb:1   | Killed a royal mummy
115225 | Tomb:1   | Killed a royal mummy
115253 | Tomb:1   | Noticed a royal mummy
115254 | Tomb:1   | Noticed a royal mummy
115259 | Tomb:1   | Noticed a royal mummy
115261 | Tomb:1   | Killed a royal mummy
115263 | Tomb:1   | Noticed a royal mummy
115270 | Tomb:1   | Killed a royal mummy
115274 | Tomb:1   | Killed a royal mummy
115277 | Tomb:1   | Noticed a royal mummy
115279 | Tomb:1   | Noticed a royal mummy
115279 | Tomb:1   | Noticed a royal mummy
115282 | Tomb:1   | Killed a royal mummy
115287 | Tomb:1   | Killed a royal mummy
115301 | Tomb:1   | Killed a royal mummy
115308 | Tomb:1   | Noticed a royal mummy
115312 | Tomb:1   | Killed a royal mummy
115566 | Tomb:3   | Entered Level 3 of the Tomb of the Ancients
115580 | Tomb:3   | Noticed a royal mummy
115585 | Tomb:3   | Noticed a royal mummy
115591 | Tomb:3   | Noticed a royal mummy
115605 | Tomb:3   | Killed a royal mummy
115610 | Tomb:3   | Noticed a royal mummy
115614 | Tomb:3   | Noticed a royal mummy
115617 | Tomb:3   | Noticed a royal mummy
115620 | Tomb:3   | Noticed an ancient lich
115620 | Tomb:3   | Killed a royal mummy
115623 | Tomb:3   | Killed a royal mummy
115626 | Tomb:3   | Noticed a royal mummy
115628 | Tomb:3   | Noticed a royal mummy
115637 | Tomb:3   | Killed a royal mummy
115751 | Tomb:3   | Noticed a royal mummy
115757 | Tomb:3   | Killed an ancient lich
115892 | Tomb:3   | Got a golden rune of Zot
115961 | Tomb:3   | Found the +3 warlock's mirror {omnireflect}
115972 | Tomb:3   | Identified the ring of Spring {Fly rC+}
115995 | Tomb:3   | Identified the amulet "Feneott" {-Cast rPois Regen+ Str+7
                  | SInv}
116114 | Tomb:3   | Identified the staff "Jemehiyps" {rN+ Str+3 Necro}
116141 | Tomb:3   | Identified the staff "Pywim" {rF+ rCorr Int+3 Fire}
116148 | Tomb:3   | Identified the +5 shortbow of Painful Death {flame, rElec}
116186 | Tomb:3   | Identified the +6 arbalest "Wigryedurgh" {antimagic,
                  | +Blink}
116187 | Tomb:3   | Identified the +7 dagger of Ru's Reproof {freeze, rN+}
117274 | Zot:5    | Got the Orb of Zot
117429 | Zot:1    | Noticed a seraph
117489 | Zot:1    | Noticed Hicried the pandemonium lord
117595 | Depths:1 | Bought an ominously black robe for 222 gold pieces
117595 | Depths:1 | Identified the +1 robe "Bule" {rPois} (You bought it in a
                  | shop on level 1 of the Depths)
117595 | Depths:1 | Bought an ominously black robe for 222 gold pieces
117595 | Depths:1 | Identified the +2 robe "Zotuuni" {Str+2} (You bought it in
                  | a shop on level 1 of the Depths)
117623 | D:13     | Noticed Ciexerch the pandemonium lord
117788 | D:7      | Noticed Paisysiergh the pandemonium lord
117847 | D:4      | Noticed Xiponto the pandemonium lord
117945 | D:$      | Escaped with the Orb!

Illustrated notes

Levels and vault maps discovered:
D:1:      psy_arrival_statuary, layout_loops_corners
D:2:      layout_basic, minmay_joined_circles
D:3:      layout_basic, amcnicky_altar_gilded,
          shapermc_ecumenical_altar_mp_highgroup, serial_shops,
          nicolae_shop_real_fake_doors, minmay_misc_feat_doors, uniq_sigmund
D:4:      layout_loops_ring, lemuel_round_altar, uniq_blork_the_orc,
          uniq_duvessa, uniq_eustachio, uniq_grinder
D:5:      layout_loops_ring, minmay_temple_entry_junction, nicolae_half_adder
D:6:      layout_cave_pools
D:7:      layout_loops_corners, lemuel_coloured_pillars_altar, serial_shops,
          nicolae_shop_peninsula
D:8:      layout_rooms, serial_shops, kennysheep_mini, nzn_ghost_randoct,
          chequers_serial_rivers_room_a, interstate_on_off
D:9:      layout_loops_cross, makhleb_altar_promises_db,
          minmay_lair_entry_grove, gammafunk_ghost_spectres, uniq_pikel
D:10:     layout_irregular_city, minmay_orc_entry_temple_small,
          nicolae_nh_ransacked_shop
D:11:     layout_roguey, serial_shops, nicolae_shop_hallway_stairs,
          nicolae_shop_trees, nicolae_shop_statue_plus, shop_fountains,
          nicolae_shop_trees, chei_slow_surprise
D:12:     layout_loops_ring, nicolae_rejected_hall, uniq_psyche
D:13:     layout_grid_maze, lightli_vaults_fourway_checkpoint,
          gammafunk_ghost_necromancy, nicolae_shop_vocational
D:14:     layout_big_octagon, serial_shops, nicolae_shop_tiny_statue_garden,
          nicolae_dithmenos_through_a_glass_darkly
D:15:     hangedman_slaughterboxes, uniq_nessos, uniq_kirke
Temple:   eino_narrow_crystal_temple
Lair:1:   layout_concentric_octagons, st_stairs_11
Lair:2:   layout_gridlike, minmay_shoals_entry_lonely_mermaid,
          spider_nest_entry_webs, portal_ice_cave_rime,
          grunt_forest_stairs_basic, serial_bayou_shore_b, uniq_amaemon
Lair:3:   layout_loops_ring, kilobyte_rumbling_trees, lemuel_fruit_tree,
          serial_bayou_shore_b, uniq_sonja
Lair:4:   layout_long_grid, gauntlet_entry_generic, ice2_lemuel
Lair:5:   cheibrodos_lair_end_hotspot, layout_gridlike,
          nicolae_slime_entry_field_trip
Shoals:1: layout_shoals, nicolae_shoals_water_shrine
Shoals:2: layout_shoals, uniq_polyphemus
Shoals:3: layout_shoals, serial_shops, shop, ebering_ghost_reflecting_pool
Shoals:4: shoals_end_simple, layout_shoals, shoal_ilsuiw, uniq_roxanne
Spider:1: layout_spider_delve, drop_trap
Spider:2: layout_spider_delve
Spider:3: layout_spider_delve
Spider:4: grunt_spider_rune_island, nicolae_spider_wall_of_niches
Slime:1:  layout_caves
Slime:2:  nicolae_slime_jelly_donut, layout_caves, basic_altar,
          cheibrodos_slime_lost_civilization_6
Slime:3:  layout_caves
Slime:4:  cheibrodos_slime_lost_civilization_9, layout_caves,
          nicolae_slime_welcoming_committee
Slime:5:  slime_pit_nicolae_royal_road_to_ruin
Orc:1:    layout_caves, basic_altar, serial_shops, shop,
          mumra_transporter_accident, uniq_jorgrun, uniq_nergalle,
          uniq_gastronok, uniq_snorg
Orc:2:    st_orc_pillars, layout_caves, nicolae_shop_gadgets
Elf:1:    minmay_elf_arrival_circle, layout_rooms, enter_trove_1,
          hangedman_elf_disciples
Elf:2:    nicolae_elf_blades_crystal_corner, layout_gridlike, uniq_louise
Elf:3:    minmay_elf_hall_quartered_circle, layout_gridlike,
          nicolae_shop_overcharged_wands
Vaults:1: nicolae_vaults_double_plus_2, ontoclasm_vaults_tryst,
          nicolae_vaults_little_squares_2, dpeg_vaults_pockets_of_resistance,
          v_misc_12, nicolae_vaults_closet_pinwheel_4, nicolae_vaults_little_ls,
          v_misc_24, layout_vaults_big_room, uniq_asterion
Vaults:2: nicolae_vaults_variable_pillar_hall, nicolae_vaults_closet_pinwheel_3,
          nicolae_vaults_shrinking_rooms_2, nicolae_vaults_quadrants,
          vaults_standard_mumra_enter_the_diamond, ontoclasm_vaults_fault,
          nicolae_vaults_network_barrier, hangedman_vaults_locks,
          nicolae_vaults_tetromino_T_1, v_rooms_6, vaults_room_stairs_pillars,
          nicolae_vaults_storage_room_statues,
          nicolae_vaults_variable_pillar_hall, vaults_room_pool,
          layout_vaults_big_cross, serial_shops, shop, shop_fountains,
          nicolae_shop_tiny_statue_garden, shop
Vaults:3: v_alt_pattern_4, minmay_crypt_entry_simple_box, serial_ice_m,
          v_alt_pattern_5, nicolae_vaults_tetromino_Z_2, nicolae_vaults_meiosis,
          v_misc_14, nicolae_vaults_shelves_hall, v_misc_30,
          hangedman_vaults_stagger, nicolae_vaults_closet_pinwheel_5,
          hangedman_vaults_pinch, nicolae_vaults_you_can_take_it_with_you,
          ontoclasm_vaults_ring_small, nicolae_vaults_oval_intersection,
          nicolae_vaults_trapezoid_lopsided_1, layout_vaults_maze, serial_shops,
          bzr_entry_gold, nicolae_shop_tiny_glass, nicolae_square_shop,
          uniq_margery, uniq_zenata
Vaults:4: vaults_room_stairs_pillars, vaults_mumra_chevron_long,
          vaults_dpeg_ring, nicolae_vaults_diamond_2, hangedman_vaults_maws,
          layout_vaults_omnigrid, serial_shops, shop
Vaults:5
Crypt:1:  layout_chaotic_city
Crypt:2:  layout_rooms, nicolae_crypt_statuary_hall, uniq_donald, uniq_jory
Crypt:3:  grunt_crypt_end_deaths_head, uniq_khufu
Tomb:1
Tomb:2
Tomb:3
Depths:1: layout_small_grid, abyss_entry, grunt_pan_entry_spiral,
          pf_coc_iceberg, amcnicky_mini_pool_small, serial_bayou_pond_d,
          nicolae_antique_artefacts, grunt_ministairs_15, nicolae_good_shop,
          grunt_megastairs_1
Depths:2: kennysheep_water_balloons, layout_basic, enter_ziggurat_f,
          hangedman_decor_push, pan_entry, grunt_mini_vestibule,
          minmay_staircase_windowed_large
Depths:3: minmay_the_grid_plus_closed [minmay_the_grid_embedded,
          minmay_the_grid_holed_spiral, minmay_the_grid_artifice,
          minmay_the_grid_minigrid_medium, minmay_the_grid_prize_diamond_cup],
          layout_basic, pf_vacation_house_of_asmodeus, abyss_entry,
          hangedman_decor_diamond_cutter, minmay_librarian, uniq_xtahua,
          uniq_josephina, uniq_sojobo
Depths:4: grunt_zot_entry_funnels, layout_cave_pools, hell_entry, serial_shops,
          shop, serial_bayou_shore_b, serial_bayou_shore_b
Hell
Dis:1:    layout_subdivisions, nrook_loot_triangle
Dis:2:    layout_overlapping_boxes, nicolae_dis_strange_trophy_room
Dis:3:    layout_subdivisions
Dis:4:    nicolae_dis_hell_of_blades
Dis:5:    layout_overlapping_boxes
Dis:6:    layout_regular_city
Dis:7:    dis_hangedman
Geh:1:    layout_gehenna_pools_triple
Geh:2:    nicolae_geh_tyrants_menagerie, layout_gehenna_lava_caves,
          nicolae_hells_seeping_fissure
Geh:3:    layout_gehenna_pools_box, lemuel_hellion_isle
Geh:4:    layout_gehenna_lava_caves, nicolae_geh_amphitheater
Geh:5:    layout_gehenna_lava_caves
Geh:6:    nicolae_geh_realm_of_the_lava_sea
Geh:7:    geh_hangedman
Coc:1:    layout_cocytus_water_paths
Coc:2:    layout_cocytus_delve, serial_ice, serial_ice_o, serial_ice_n,
          serial_ice_g
Coc:3:    layout_ice_bergs
Coc:4:    layout_cocytus_delve, nicolae_coc_statues_of_limitations
Coc:5:    layout_cocytus_delve
Coc:6:    layout_cocytus_water_paths
Coc:7:    coc_grunt
Tar:1:    layout_honeycomb
Tar:2:    layout_honeycomb
Tar:3:    nicolae_tar_tart_auras, layout_cathedral_of_symmetry
Tar:4:    layout_honeycomb, nicolae_tar_just_some_guys
Tar:5:    layout_grid_maze
Tar:6:    layout_grid_maze, lemuel_nasty_fountain
Tar:7:    tar_minmay_river
Zot:1:    layout_twisted_circle, uniq_parghit
Zot:2:    nicolae_zot_stationary_front, layout_gridlike, lemuel_baited_zot_trap,
          grunt_megastairs_3
Zot:3:    layout_concentric_octagons
Zot:4:    evilmike_crystal_ball_defense, layout_gridlike,
          ebering_ghost_inner_flame
Zot:5:    layout_twisted_circle

Skill      XL: |  1  2  3  4  5  6  7  8  9 10 11 12 13 14 15 16 17 18 19 20 21 22 23 24 25 26 27 |
---------------+----------------------------------------------------------------------------------+-----
Stealth        | 1 2 3 4 7 8 9 10 18 | 18.0
Unarmed Combat | 4 5 6 7 8 10 11 12 13 14 15 16 17 18 19 20 27 | 27.0
Fighting       | 2 3 4 5 7 8 9 10 11 12 13 14 15 16 17 18 19 20 21 27 | 27.0
Dodging        | 3 4 5 6 7 8 9 10 11 12 13 14 15 16 17 18 19 27 | 27.0
Shapeshifting  | 4 5 6 8 9 10 12 13 14 15 16 17 18 19 20 21 22 27 | 27.0
Evocations     | 1 3 5 7 8 9 10 11 12 26 | 26.1
Spellcasting   | 3 5 6 7 8 9 10 11 12 24 | 24.8
Translocations | 5 6 9 10 11 13 14 15 16 17 27 | 27.0
Ice Magic      | 15 | 15.0
Transmutations | 10 | 10.0
Poison Magic   | 12 | 12.0
Fire Magic     | 23 | 23.6

Action                     |  1- 3 |  4- 6 |  7- 9 | 10-12 | 13-15 | 16-18 | 19-21 | 22-24 | 25-27 || total
---------------------------+-------+-------+-------+-------+-------+-------+-------+-------+-------++-------
  Melee: Unarmed           |    59 |    77 |   159 |   448 |   900 |  1158 |  1103 |  1092 |  6177 || 11173
         Constrict         |    14 |    19 |    42 |    75 |   159 |   244 |    54 |    42 |    32 ||   681
         Tentacles         |     7 |    14 |    45 |    59 |       |    12 |    79 |    78 |    48 ||   342
         Punch             |     1 |     3 |     6 |    14 |       |     5 |    49 |    43 |   307 ||   428
         Kick              |       |       |       |       |       |       |       |       |    67 ||    67
   Cast: Lesser Beckoning  |       |       |       |       |       |    71 |    10 |     3 |    10 ||    94
         Manifold Assault  |       |       |       |       |       |    34 |   649 |   641 |  3684 ||  5008
         Blink             |       |       |       |       |       |     2 |     2 |     4 |     1 ||     9
         Passage of Golubr |       |       |       |       |       |       |       |     1 |     3 ||     4
         Ignition          |       |       |       |       |       |       |       |       |    43 ||    43
         Olgreb's Toxic Ra |       |       |       |       |       |       |       |       |    35 ||    35
         Ignite Poison     |       |       |       |       |       |       |       |       |    17 ||    17
         Wereblood         |       |       |       |       |       |       |       |       |     6 ||     6
         Ozocubu's Armour  |       |       |       |       |       |       |       |       |     5 ||     5
         Teleport Other    |       |       |       |       |       |       |       |       |     2 ||     2
         Dispersal         |       |       |       |       |       |       |       |       |     2 ||     2
 Invoke: Call Merchant     |       |       |       |     2 |     4 |     2 |     1 |     3 |     8 ||    20
         Potion Petition   |       |       |       |       |       |       |       |       |    11 ||    11
         Bribe Branch      |       |       |       |       |       |       |       |       |     3 ||     3
Ability: Blinkbolt         |       |       |       |       |       |       |       |       |    41 ||    41
  Evoke: Wand              |       |       |     5 |     8 |    15 |    30 |       |       |     2 ||    60
         Lightning rod     |       |       |       |       |     5 |    10 |    12 |     9 |    26 ||    62
         Tin of tremorston |       |       |       |       |     1 |     3 |     4 |     1 |     5 ||    14
         Phantom mirror    |       |       |       |       |     1 |       |     1 |     1 |     7 ||    10
         Phial of floods   |       |       |       |       |       |     1 |     1 |     1 |     1 ||     4
         Horn of Geryon    |       |       |       |       |       |       |       |       |     1 ||     1
    Use: Potion            |       |     1 |     2 |     1 |     2 |     2 |     5 |     2 |    54 ||    69
         Scroll            |       |       |       |    18 |     7 |     8 |     6 |     7 |    33 ||    79
   Stab: Sleeping          |     7 |    13 |     7 |     9 |    12 |    14 |     3 |     1 |    10 ||    76
         Distracted        |       |       |     1 |     5 |    10 |    10 |       |     6 |    37 ||    69
         Invisible         |       |       |       |     6 |       |     2 |       |       |     8 ||    16
 Armour: Skin              |     1 |     4 |    13 |    80 |   369 |   370 |   368 |   256 |   180 ||  1641
  Dodge: Dodged            |    50 |    34 |    71 |   246 |   686 |   985 |   756 |   514 |  2462 ||  5804
  Block: Kite shield       |       |       |       |    77 |       |       |       |       |       ||    77
         Other             |       |       |       |       |       |       |       |       |    11 ||    11
   Form: Anaconda          |       |       |       |     1 |     1 |     1 |       |       |       ||     3
                           |       |       |       |       |     1 |       |       |       |     1 ||     2
         Statue            |       |       |       |       |       |     2 |       |       |       ||     2
         Storm             |       |       |       |       |       |       |       |       |     2 ||     2
         Death             |       |       |       |       |       |       |       |       |     1 ||     1

Table legend: (Time is in decaauts)
 A = Elapsed time spent in this place.
 B = Non-inter-level travel time spent in this place.
 C = Inter-level travel time spent in this place.
 D = Time resting spent in this place.
 E = Time spent auto-exploring this place.
 F = Levels seen in this place.
 G = Mean time per level.
                   A        B        C        D        E       F      G
               +--------+--------+--------+--------+--------+-----+--------+
         Total | 126582 | 101106 |  25476 |   4741 |  70692 | 131 |  966.3 |
       Dungeon |  30584 |  17512 |  13072 |    845 |  11650 |  15 | 2038.9 |
        Temple |     30 |      2 |     28 |      0 |      0 |   1 |   30.0 |
          Lair |   7950 |   6258 |   1692 |    235 |   4589 |   5 | 1590.0 |
        Shoals |   5313 |   4920 |    393 |    310 |   3525 |   4 | 1328.2 |
   Spider Nest |   6066 |   5244 |    822 |    160 |   3883 |   4 | 1516.5 |
    Slime Pits |   5583 |   5031 |    552 |    590 |   3428 |   5 | 1116.6 |
  Orcish Mines |   2117 |   1525 |    592 |    115 |    873 |   2 | 1058.5 |
   Elven Halls |   5054 |   4310 |    744 |      0 |   3261 |   3 | 1684.7 |
        Vaults |  11304 |   9091 |   2213 |    171 |   7142 |   5 | 2260.8 |
         Crypt |   3407 |   2797 |    610 |    195 |   2009 |   3 | 1135.7 |
          Tomb |   3306 |   2922 |    384 |    214 |   1766 |   3 | 1102.0 |
        Depths |   7462 |   5558 |   1904 |    121 |   4376 |   4 | 1865.5 |
          Hell |    874 |    546 |    328 |     34 |    407 |   1 |  874.0 |
           Dis |   3133 |   2937 |    196 |     19 |   2335 |   7 |  447.6 |
       Gehenna |   3729 |   3531 |    198 |    207 |   2430 |   7 |  532.7 |
       Cocytus |   3444 |   3264 |    180 |    134 |   2394 |   7 |  492.0 |
      Tartarus |   4619 |   4047 |    572 |    370 |   3061 |   7 |  659.9 |
           Zot |   6812 |   5821 |    991 |    369 |   4392 |   5 | 1362.4 |
         Abyss |    454 |    454 |      0 |      0 |     83 |   3 |  151.3 |
   Pandemonium |  10477 |  10477 |      0 |    403 |   7892 |   9 | 1164.1 |
      Ziggurat |   3763 |   3763 |      0 |    141 |    787 |  27 |  139.4 |
        Bazaar |     71 |     71 |      0 |      0 |     21 |   1 |   71.0 |
         Trove |     64 |     64 |      0 |      0 |      0 |   1 |   64.0 |
      Ice Cave |    420 |    420 |      0 |    106 |     78 |   1 |  420.0 |
      Gauntlet |    536 |    536 |      0 |      0 |    309 |   1 |  536.0 |
               +--------+--------+--------+--------+--------+-----+--------+

Top non-repeatable levels by time:
    D:15: 5864 daAuts
     D:9: 3690 daAuts
    D:10: 3596 daAuts
    D:11: 2834 daAuts
   Tar:7: 2674 daAuts
Depths:1: 2674 daAuts
Vaults:3: 2601 daAuts
Vaults:1: 2449 daAuts
    D:13: 2419 daAuts
    D:12: 2363 daAuts
Vaults:2: 2338 daAuts
 Slime:2: 2220 daAuts
Vaults:5: 2191 daAuts
   Elf:3: 2173 daAuts
  Lair:3: 2066 daAuts
